Workbook
Name _Toc154458715_2: #REF!
Name _Toc154458715_2: #REF!
Name _Toc154458715_2: #REF!
Name _Toc154458715_2: #REF!
Name _Toc154458715_2: #REF!
Name _Toc154458716_2: #REF!
Name _Toc154458716_2: #REF!
Name _Toc154458716_2: #REF!
Name _Toc154458716_2: #REF!
Name _Toc154458716_2: #REF!
Name _Toc154458724_2: #REF!
Name _Toc154458724_2: #REF!
Name _Toc154458724_2: #REF!
Name _Toc154458724_2: #REF!
Name _Toc154458724_2: #REF!
Name _Toc157855727_2: #REF!
Name _Toc157855727_2: #REF!
Name _Toc157855727_2: #REF!
Name _Toc157855727_2: #REF!
Name _Toc157855727_2: #REF!
Name _Toc157855730_2: #REF!
Name _Toc157855730_2: #REF!
Name _Toc157855730_2: #REF!
Name _Toc157855730_2: #REF!
Name _Toc157855730_2: #REF!
Name _Toc157855731_2: #REF!
Name _Toc157855731_2: #REF!
Name _Toc157855731_2: #REF!
Name _Toc157855731_2: #REF!
Name _Toc157855731_2: #REF!
Name _Toc157855732_2: #REF!
Name _Toc157855732_2: #REF!
Name _Toc157855732_2: #REF!
Name _Toc157855732_2: #REF!
Name _Toc157855732_2: #REF!
Name _Toc157855733_2: #REF!
Name _Toc157855733_2: #REF!
Name _Toc157855733_2: #REF!
Name _Toc157855733_2: #REF!
Name _Toc157855733_2: #REF!
Name _Toc157855734_2: #REF!
Name _Toc157855734_2: #REF!
Name _Toc157855734_2: #REF!
Name _Toc157855734_2: #REF!
Name _Toc157855734_2: #REF!

Sheet General Mandatory Questions
B1: General Questions | C1: Brief response and/or reference
A4: 1 | B4: Did you complete the worksheet for the proposed configuration Standard Blade server, with a break-down of all components? | C4: Yes/No (mandatory)
A5: 2 | B5: Did you complete the worksheet for the proposed configuration Standard Blade server, with a list of available options? | C5: Yes/No (mandatory)
A6: 3 | B6: Did you provide a separate pricing for the blade and its enclosure for the proposed Standard Blade configuration? | C6: Yes/No (mandatory)
A7: 4 | B7: Did you provide the 'Maximum number of the proposed Standard Blade server that can be hosted in the proposed enclosure/chassis'? | C7: Yes/No (mandatory)
A8: 5 | B8: Did you provide a separate pricing for the hardware and for the installation for the proposed configuration Standard Blade server? | C8: Yes/No (mandatory)
A9: 6 | B9: Did you complete the worksheet for the proposed configuration Standard 2 sockets rackable server, with a break-down of all components? | C9: Yes/No (mandatory)
A10: 7 | B10: Did you complete the worksheet for the proposed configuration Standard 2 sockets rackable, with a list of available options? | C10: Yes/No (mandatory)
A11: 8 | B11: Did you provide a separate pricing for the hardware and for the installation for the proposed configuration Standard 2 sockets rackable? | C11: Yes/No (mandatory)
A12: 9 | B12: Did you complete the worksheet for the proposed configuration Advanced 2 sockets rackable server, with a break-down of all components? | C12: Yes/No (mandatory)
A13: 10 | B13: Did you complete the worksheet for the proposed configuration Advanced 2 sockets rackable, with a list of available options? | C13: Yes/No (mandatory)
A14: 11 | B14: Did you provide a separate pricing for the hardware and for the installation for the proposed configuration Advanced 2 sockets rackable? | C14: Yes/No (mandatory)
A15: 12 | B15: Did you complete the worksheet for the proposed configuration Standard 4 sockets rackable server, with a break-down of all components? | C15: Yes/No (mandatory)
... A32: 29 | B32: Did you complete the worksheet for the 'Media Sanitization HIGH' by indicating the requested prices? | C32: Yes/No (mandatory)

Sheet Instructions
A1: INSTRUCTION SHEET
A2: The tenderer has to fill in all the relevant YELLOW fields in the following excel sheets. REMARK: no field should be filled in by the tenderer in the Summary sheet.
A6: It is forbidden to change the structure of the tables, except when explicitly mentioned otherwise.

Sheet Manufacturer Guarantee
B2: Description of the Manufacturer Guarantee
B4: In derogation of Article 3.4 of the General Terms and Conditions for Information Technologies Contracts (Version 2.1), tenderers shall describe the guarantee provided by the manufacturer which is included in the price of the hardware. This manufacturer guarantee shall apply to all cases where EUIs decide to only purchase the proposed server configuration, without purchasing one of the additional Extended Guarantee service levels. The manufacturer guarantee shall apply to all product items: the server components and the associated equipment (extensions, options and upgrades). Please fill in the yellow fields.
B7: Manufacturer Guarantee | C7: Duration in years | D7: Coverage (days, hours) | E7: Location coverage | F7: Type of intervention (on-site, customer self-repair,…) | G7: Response Time | H7: Resolution Time | I7: Other

Sheet Extended Guarantees
B2: Pricing of the Extended Guarantee Services:
B4: The Extented Guarantee shall be quoted as a fixed percentage. For both the Yearly Extended Guarantee and 5 year Extended Guarantee package, the tenderer shall quote one percentage for each Extended Guarantee level (one for the “Standard Extended Guarantee” and one for the “Critical Extended Guarantee”). These 2 percentages will apply to all product items: the server components and the associated equipment (extensions, options and upgrades). Please fill in the yellow fields.
B11: Extended Guarantee level | C11: Coverage hours | D11: Call-back response time | E11: Incident resolution time | H11: Extended Guarantee level | I11: Coverage hours | J11: Call-back response time | K11: Incident resolution time
B12: Standard Extended Guarantee | C12: Normal Working Hours | D12: 30 minutes | E12: 10 hours | H12: Critical Extended Guarantee | I12: 24/7 | J12: 15 minutes | K12: 6 hours
B15: Yearly Standard Extended Guarantee Percentage: | E15: 0 | H15: Yearly Critical Extended Guarantee Percentage: | K15: 0
B18: Standard Extended Guarantee percentage for five (5) years package | E18: 0 | H18: Critical Extended Guarantee percentage for five (5) years package | K18: 0

Sheet Summary
A1: Server hardware, associated equipment and Extended Guarantee
A2: Server category | B2: Volume | C2: Volume acquisition | D2: Volume leasing | E2: Price of reference config (EUR per unit) | F2: Price for the installation of the reference configuration (EUR per unit) | G2: Extended Guarantee service level 1 (Standard) 1 year fee (EUR) | H2: Extended Guarantee service level 2 (Critical) 1 year fee (EUR) | I2: Extended Guarantee service level 1 (Standard) 5 Years Package fee (EUR) | J2: Extended Guarantee service level 2 (Critical) 5 Years Package fee (EUR)
A3: A | B3: B | C3: C | D3: D | E3: E | F3: F | G3: G | H3: H | I3: I | J3: J
A4: Standard 2 sockets Blade server | B4: 992 | C4: 966.6 | D4: 25.4 | E4: ='Standard 2 sockets Blade Server'!$H$55 -> 0 | F4: ='Standard 2 sockets Blade Server'!$H$60 -> 0 | G4: ='Standard 2 sockets Blade Server'!I55 -> 0 | H4: ='Standard 2 sockets Blade Server'!J55 -> 0 | I4: ='Standard 2 sockets Blade Server'!K55 -> 0 | J4: ='Standard 2 sockets Blade Server'!L55 -> 0
A5: Standard 2 sockets rackable server | B5: 1691 | C5: 1654.3 | D5: 36.7 | E5: ='Standard 2 sockets Rackable'!$H$40 -> 0 | F5: ='Standard 2 sockets Rackable'!$H$45 -> 0 | G5: ='Standard 2 sockets Rackable'!I40 -> 0 | H5: ='Standard 2 sockets Rackable'!J40 -> 0 | I5: ='Standard 2 sockets Rackable'!K40 -> 0 | J5: ='Standard 2 sockets Rackable'!L40 -> 0
A6: Advanced 2 sockets rackable server | B6: 2567 | C6: 2538.3 | D6: 28.7 | E6: ='Advanced 2 sockets Rackable'!$H$39 -> 0 | F6: ='Advanced 2 sockets Rackable'!$H$43 -> 0 | G6: ='Advanced 2 sockets Rackable'!I39 -> 0 | H6: ='Advanced 2 sockets Rackable'!J39 -> 0 | I6: ='Advanced 2 sockets Rackable'!K39 -> 0 | J6: ='Advanced 2 sockets Rackable'!L39 -> 0
A7: Standard 4 sockets rackable server | B7: 1014 | C7: 984.15 | D7: 29.85 | E7: ='Standard 4 sockets Rackable'!$H$39 -> 0 | F7: ='Standard 4 sockets Rackable'!$H$43 -> 0 | G7: ='Standard 4 sockets Rackable'!I39 -> 0 | H7: ='Standard 4 sockets Rackable'!J39 -> 0 | I7: ='Standard 4 sockets Rackable'!K39 -> 0 | J7: ='Standard 4 sockets Rackable'!L39 -> 0
A8: Advanced 4 sockets rackable server | B8: 725 | C8: 704 | D8: 21 | E8: ='Advanced 4 sockets Rackable'!$H$39 -> 0 | F8: ='Advanced 4 sockets Rackable'!$H$44 -> 0 | G8: ='Advanced 4 sockets Rackable'!I39 -> 0 | H8: ='Advanced 4 sockets Rackable'!J39 -> 0 | I8: ='Advanced 4 sockets Rackable'!K39 -> 0 | J8: ='Advanced 4 sockets Rackable'!L39 -> 0
A9: Totals | B9: =SUM(B4:B8) -> 6989 | C9: =SUM(C4:C8) -> 6847.35 | D9: =SUM(D4:D8) -> 141.65
A11: Server category | B11: Cost of acquisition | C11: Cost of Leasing | D11: Extended Guarantee service level 1 (Standard) (Volume) | E11: Extended Guarantee service level 2 (Critical) (Volume) | F11: Extended Guarantee service level 1 (Standard, 1 year fee) Price for 5 years (EUR) | G11: Extended Guarantee service level 2 (Critical, 1 year fee) Price for 5 years (EUR) | H11: Standard Extended Guarantee percentage for five (5) years package (EUR) | I11: Critical Extended Guarantee percentage for five (5) years package (EUR) | J11: Total cost of the 5 server's categories with Extended Guarantee (EUR) | K11: Cost of associated equipment | L11: Total cost (EUR)
B12: K=C*(E+F) | C12: L=D*(E+F)*Factor | D12: M | E12: N | F12: O=((M*G)*5)*0.3 | G12: P=((N*H)*5)*0.3 | H12: Q=(M*I)*0.7 | I12: R=(N*J)*0.7 | J12: S=K+L+O+P+Q+R | K12: T=S*0,3 | L12: U=S+T
A13: =A4 -> Standard 2 sockets Blade server | B13: =IF(ISNUMBER((E4+F4)*C4),(E4+F4)*C4,"") -> 0 | C13: =IF(ISNUMBER((E4+F4)*D4*Leasing!$F$40),(E4+F4)*D4*Leasing!$F$40,0) -> 0 | D13: 496 | E13: 496 | F13: =((D13*G4)*5)*0.3 -> 0 | G13: =((E13*H4)*5)*0.3 -> 0 | H13: =(D13*I4)*0.7 -> 0 | I13: =(E13*J4)*0.7 -> 0 | J13: =B13+C13+F13+G13+H13+I13 -> 0 | K13: =J13*0.3 -> 0 | L13: =J13+K13 -> 0
A14: =A5 -> Standard 2 sockets rackable server | B14: =IF(ISNUMBER((E5+F5)*C5),(E5+F5)*(C5*0.8),"") -> 0 | C14: =IF(ISNUMBER((E5+F5)*D5*Leasing!$F$40),(E5+F5)*D5*Leasing!$F$40,0) -> 0 | D14: 1188 | E14: 497 | F14: =((D14*G5)*5)*0.3 -> 0 | G14: =((E14*H5)*5)*0.3 -> 0 | H14: =(D14*I5)*0.7 -> 0 | I14: =(E14*J5)*0.7 -> 0 | J14: =B14+C14+F14+G14+H14+I14 -> 0 | K14: =J14*0.3 -> 0 | L14: =J14+K14 -> 0
A15: =A6 -> Advanced 2 sockets rackable server | B15: =IF(ISNUMBER((E6+F6)*C6),(E6+F6)*(C6*0.8),"") -> 0 | C15: =IF(ISNUMBER((E6+F6)*D6*Leasing!$F$40),(E6+F6)*D6*Leasing!$F$40,0) -> 0 | D15: 1913 | E15: 654 | F15: =((D15*G6)*5)*0.3 -> 0 | G15: =((E15*H6)*5)*0.3 -> 0 | H15: =(D15*I6)*0.7 -> 0 | I15: =(E15*J6)*0.7 -> 0 | J15: =B15+C15+F15+G15+H15+I15 -> 0 | K15: =J15*0.3 -> 0 | L15: =J15+K15 -> 0
A16: =A7 -> Standard 4 sockets rackable server | B16: =IF(ISNUMBER((E7+F7)*C7),(E7+F7)*(C7*0.8),"") -> 0 | C16: =IF(ISNUMBER((E7+F7)*D7*Leasing!$F$40),(E7+F7)*D7*Leasing!$F$40,0) -> 0 | D16: 613 | E16: 401 | F16: =((D16*G7)*5)*0.3 -> 0 | G16: =((E16*H7)*5)*0.3 -> 0 | H16: =(D16*I7)*0.7 -> 0 | I16: =(E16*J7)*0.7 -> 0 | J16: =B16+C16+F16+G16+H16+I16 -> 0 | K16: =J16*0.3 -> 0 | L16: =J16+K16 -> 0
A17: =A8 -> Advanced 4 sockets rackable server | B17: =IF(ISNUMBER((E8+F8)*C8),(E8+F8)*(C8*0.8),"") -> 0 | C17: =IF(ISNUMBER((E8+F8)*D8*Leasing!$F$40),(E8+F8)*D8*Leasing!$F$40,0) -> 0 | D17: 408 | E17: 317 | F17: =((D17*G8)*5)*0.3 -> 0 | G17: =((E17*H8)*5)*0.3 -> 0 | H17: =(D17*I8)*0.7 -> 0 | I17: =(E17*J8)*0.7 -> 0 | J17: =B17+C17+F17+G17+H17+I17 -> 0 | K17: =J17*0.3 -> 0 | L17: =J17+K17 -> 0
K18: Totals | L18: =SUM(L13:L17) -> 0
A21: Professional Services
E22: Volumes | F22: Unit of volume | G22: Price (EUR/day) | H22: Price (EUR/hour) during NWH | I22: Price (EUR/hour) during EWH | J22: Price per on-call service (EUR/week) | K22: Total Cost (EUR)
E23: A | G23: B | H23: C=B/8 | I23: D | J23: E | K23: F=A*B
A24: ='Professional services'!A7 -> Project Manager | F24: man-days
A25: Days worked during normal working hours | E25: =ROUNDUP(($B$9*0.05)*0.3,0) -> 105 | F25: man-days | G25: ='Professional services'!B7 -> 0 | K25: =IF(ISNUMBER(E25*G25),E25*G25,0) -> 0
A26: ='Professional services'!A8 -> IT Engineer | F26: man-days
A27: Days worked during normal working hours | E27: =ROUNDUP((($B$9*0.05)*0.5)*0.8,0) -> 140 | F27: man-days | G27: ='Professional services'!B8 -> 0 | H27: =G27/8 -> 0 | K27: =IF(ISNUMBER(E27*G27),E27*G27,0) -> 0
A28: Hours worked during extended working hours | E28: =ROUNDUP((($B$9*0.05)*0.5)*0.2,0) -> 35 | F28: hours | I28: ='Professional services'!D8 -> 0 | K28: =IF(ISNUMBER(E28*I28),E28*I28,0) -> 0
A29: Weeks with 24-hours on-call service (12 weeks for each person-year) | E29: =ROUNDUP((E27/220)*12,0) -> 8 | F29: weeks | J29: ='Professional services'!E8 -> 0 | K29: =IF(ISNUMBER(E29*J29*7),E29*J29*7,0) -> 0
A30: ='Professional services'!A9 -> System Architect | F30: man-days
A31: Days worked during normal working hours | E31: =ROUNDUP((($B$9*0.05)*0.2)*0.9,0) -> 63 | F31: man-days | G31: ='Professional services'!B9 -> 0 | H31: =G31/8 -> 0 | K31: =IF(ISNUMBER(E31*G31),E31*G31,0) -> 0
A32: Hours worked during extended working hours | E32: =ROUNDUP((($B$9*0.05)*0.2)*0.1,0) -> 7 | F32: hours | I32: ='Professional services'!D9 -> 0 | K32: =IF(ISNUMBER(E32*I32),E32*I32,0) -> 0
A33: Weeks with 24-hours on-call service (12 weeks for each person-year) | E33: =ROUNDUP((E31/220)*12,0) -> 4 | F33: weeks | J33: ='Professional services'!E9 -> 0 | K33: =IF(ISNUMBER(E33*J33*7),E33*J33*7,0) -> 0
J34: Totals | K34: =SUM(K25+K27+K28+K29+K25+K31+K32+K33) -> 0
A37: Moves services
A38: Description | B38: Volumes | G38: Pricing for the different moves in EUR
A39: Prices for the relocation of servers | B39: =A4 -> Standard 2 sockets Blade server | C39: =A5 -> Standard 2 sockets rackable server | D39: =A6 -> Advanced 2 sockets rackable server | E39: =A7 -> Standard 4 sockets rackable server | F39: =A8 -> Advanced 4 sockets rackable server | G39: =B39 -> Standard 2 sockets Blade server | H39: =C39 -> Standard 2 sockets rackable server | I39: =D39 -> Advanced 2 sockets rackable server | J39: =E39 -> Standard 4 sockets rackable server | K39: =F39 -> Advanced 4 sockets rackable server
A40: Move of a server within the same building during normal working hours | B40: =ROUNDUP(($B$4*0.15)*0.1,0) -> 15 | C40: =ROUNDUP(($B$5*0.15)*0.1,0) -> 26 | D40: =ROUNDUP(($B$6*0.15)*0.1,0) -> 39 | E40: =ROUNDUP(($B$7*0.15)*0.1,0) -> 16 | F40: =ROUNDUP(($B$8*0.15)*0.1,0) -> 11 | G40: =IF(ISNUMBER(B40*'Moves and EWH'!B5),B40*'Moves and EWH'!B5,0) -> 0 | H40: =IF(ISNUMBER(C40*'Moves and EWH'!C5),C40*'Moves and EWH'!C5,0) -> 0 | I40: =IF(ISNUMBER(D40*'Moves and EWH'!D5),D40*'Moves and EWH'!D5,0) -> 0 | J40: =IF(ISNUMBER(E40*'Moves and EWH'!E5),E40*'Moves and EWH'!E5,0) -> 0 | K40: =IF(ISNUMBER(F40*'Moves and EWH'!F5),F40*'Moves and EWH'!F5,0) -> 0
A41: Move of a server within the same building during the extended working hours | B41: =ROUNDUP(($B$4*0.15)*0.1,0) -> 15 | C41: =ROUNDUP(($B$5*0.15)*0.1,0) -> 26 | D41: =ROUNDUP(($B$6*0.15)*0.1,0) -> 39 | E41: =ROUNDUP(($B$7*0.15)*0.1,0) -> 16 | F41: =ROUNDUP(($B$8*0.15)*0.1,0) -> 11 | G41: =IF(ISNUMBER(B41*'Moves and EWH'!B6),B41*'Moves and EWH'!B6,0) -> 0 | H41: =IF(ISNUMBER(C41*'Moves and EWH'!C6),C41*'Moves and EWH'!C6,0) -> 0 | I41: =IF(ISNUMBER(D41*'Moves and EWH'!D6),D41*'Moves and EWH'!D6,0) -> 0 | J41: =IF(ISNUMBER(E41*'Moves and EWH'!E6),E41*'Moves and EWH'!E6,0) -> 0 | K41: =IF(ISNUMBER(F41*'Moves and EWH'!F6),F41*'Moves and EWH'!F6,0) -> 0
A42: Move of a server to another building within the same city during normal working hours | B42: =ROUNDUP(($B$4*0.15)*0.3,0) -> 45 | C42: =ROUNDUP(($B$5*0.15)*0.3,0) -> 77 | D42: =ROUNDUP(($B$6*0.15)*0.3,0) -> 116 | E42: =ROUNDUP(($B$7*0.15)*0.3,0) -> 46 | F42: =ROUNDUP(($B$8*0.15)*0.3,0) -> 33 | G42: =IF(ISNUMBER(B42*'Moves and EWH'!B7),B42*'Moves and EWH'!B7,0) -> 0 | H42: =IF(ISNUMBER(C42*'Moves and EWH'!C7),C42*'Moves and EWH'!C7,0) -> 0 | I42: =IF(ISNUMBER(D42*'Moves and EWH'!D7),D42*'Moves and EWH'!D7,0) -> 0 | J42: =IF(ISNUMBER(E42*'Moves and EWH'!E7),E42*'Moves and EWH'!E7,0) -> 0 | K42: =IF(ISNUMBER(F42*'Moves and EWH'!F7),F42*'Moves and EWH'!F7,0) -> 0
A43: Move of a server to another building within the same city during extended working hours | B43: =ROUNDUP(($B$4*0.15)*0.1,0) -> 15 | C43: =ROUNDUP(($B$5*0.15)*0.3,0) -> 77 | D43: =ROUNDUP(($B$6*0.15)*0.3,0) -> 116 | E43: =ROUNDUP(($B$7*0.15)*0.3,0) -> 46 | F43: =ROUNDUP(($B$8*0.15)*0.3,0) -> 33 | G43: =IF(ISNUMBER(B43*'Moves and EWH'!B8),B43*'Moves and EWH'!B8,0) -> 0 | H43: =IF(ISNUMBER(C43*'Moves and EWH'!C8),C43*'Moves and EWH'!C8,0) -> 0 | I43: =IF(ISNUMBER(D43*'Moves and EWH'!D8),D43*'Moves and EWH'!D8,0) -> 0 | J43: =IF(ISNUMBER(E43*'Moves and EWH'!E8),E43*'Moves and EWH'!E8,0) -> 0 | K43: =IF(ISNUMBER(F43*'Moves and EWH'!F8),F43*'Moves and EWH'!F8,0) -> 0
A44: Move of a server to another building between 2 cities during normal working hours | B44: =ROUNDUP(($B$4*0.15)*0.3,0) -> 45 | C44: =ROUNDUP(($B$5*0.15)*0.1,0) -> 26 | D44: =ROUNDUP(($B$6*0.15)*0.1,0) -> 39 | E44: =ROUNDUP(($B$7*0.15)*0.1,0) -> 16 | F44: =ROUNDUP(($B$8*0.15)*0.1,0) -> 11 | G44: =IF(ISNUMBER(B44*'Moves and EWH'!B9),B44*'Moves and EWH'!B9,0) -> 0 | H44: =IF(ISNUMBER(C44*'Moves and EWH'!C9),C44*'Moves and EWH'!C9,0) -> 0 | I44: =IF(ISNUMBER(D44*'Moves and EWH'!D9),D44*'Moves and EWH'!D9,0) -> 0 | J44: =IF(ISNUMBER(E44*'Moves and EWH'!E9),E44*'Moves and EWH'!E9,0) -> 0 | K44: =IF(ISNUMBER(F44*'Moves and EWH'!F9),F44*'Moves and EWH'!F9,0) -> 0
A45: Move of a server to another building between 2 cities during extended working hours | B45: =ROUNDUP(($B$4*0.15)*0.1,0) -> 15 | C45: =ROUNDUP(($B$5*0.15)*0.1,0) -> 26 | D45: =ROUNDUP(($B$6*0.15)*0.1,0) -> 39 | E45: =ROUNDUP(($B$7*0.15)*0.1,0) -> 16 | F45: =ROUNDUP(($B$8*0.15)*0.1,0) -> 11 | G45: =IF(ISNUMBER(B45*'Moves and EWH'!B10),B45*'Moves and EWH'!B10,0) -> 0 | H45: =IF(ISNUMBER(C45*'Moves and EWH'!C10),C45*'Moves and EWH'!C10,0) -> 0 | I45: =IF(ISNUMBER(D45*'Moves and EWH'!D10),D45*'Moves and EWH'!D10,0) -> 0 | J45: =IF(ISNUMBER(E45*'Moves and EWH'!E10),E45*'Moves and EWH'!E10,0) -> 0 | K45: =IF(ISNUMBER(F45*'Moves and EWH'!F10),F45*'Moves and EWH'!F10,0) -> 0
A46: Subtotal | G46: =SUM(G40:G45) -> 0 | H46: =SUM(H40:H45) -> 0 | I46: =SUM(I40:I45) -> 0 | J46: =SUM(J40:J45) -> 0 | K46: =SUM(K40:K45) -> 0
A47: Total Price of Moves (EUR) | K47: =SUM(G46+H46+I46+J46+K46) -> 0
A51: Electrical power consumption
A52: Server category | B52: Volume | C52: Power consumption running at idle load [W]. Please refer to the 'Technical Specifications' questionnaire. | D52: Reference price (EUR/kWh) | E52: Cost over 5 years (EUR)
A53: A | B53: B | C53: C | D53: D | E53: E=B*C*24*365*5*D
A54: =A4 -> Standard 2 sockets Blade server | B54: =B4 -> 992 | C54: =IF(ISNUMBER('Power Consumption'!B7/1000),'Power Consumption'!B7/1000,0) -> 0 | D54: 0.1 | E54: =B54*C54*24*365*5*D54 -> 0
A55: =A5 -> Standard 2 sockets rackable server | B55: =B5 -> 1691 | C55: =IF(ISNUMBER('Power Consumption'!B8/1000),'Power Consumption'!B8/1000,0) -> 0 | D55: 0.1 | E55: =B55*C55*24*365*5*D55 -> 0
A56: =A6 -> Advanced 2 sockets rackable server | B56: =B6 -> 2567 | C56: =IF(ISNUMBER('Power Consumption'!B9/1000),'Power Consumption'!B9/1000,0) -> 0 | D56: 0.1 | E56: =B56*C56*24*365*5*D56 -> 0
A57: =A7 -> Standard 4 sockets rackable server | B57: =B7 -> 1014 | C57: =IF(ISNUMBER('Power Consumption'!B10/1000),'Power Consumption'!B10/1000,0) -> 0 | D57: 0.1 | E57: =B57*C57*24*365*5*D57 -> 0
A58: =A8 -> Advanced 4 sockets rackable server | B58: =B8 -> 725 | C58: =IF(ISNUMBER('Power Consumption'!B11/1000),'Power Consumption'!B11/1000,0) -> 0 | D58: 0.1 | E58: =B58*C58*24*365*5*D58 -> 0
A59: Totals | E59: =SUM(E54:E58) -> 0
A61: Total financial volume (EUR)
A62: Cost of server hardware, associated equipment and Extended Guarantee | B62: =L18 -> 0
A63: Total Installation price for internal component(s) to be installed at one (1) site, into one (1) server. | B63: ='Options (internal components)'!D3*$B$9*0.2 -> 0
A64: Total Installation price for internal component(s) to be installed at one (1) site, into up to five (5) servers. | B64: =('Options (internal components)'!D4*($B$9/5)*0.2) -> 0
A65: Total Price for the installation of a 5 servers bundle (Standard 2 sockets rack), on 1 site. | B65: =('Standard 2 sockets Rackable'!H49*(C5/5)*0.2) -> 0
A66: Total Price for the installation of a 5 servers bundle (Advanced 2 sockets rack), on 1 site. | B66: ='Advanced 2 sockets Rackable'!H48*(C6/5)*0.2 -> 0
A67: Total Price for the installation of a 5 servers bundle (Standard 4 sockets rack), on 1 site. | B67: ='Standard 4 sockets Rackable'!H49*(C7/5)*0.2 -> 0
A68: Total Price for the installation of a 5 servers bundle (Advanced 4 sockets rack), on 1 site. | B68: ='Advanced 4 sockets Rackable'!H50*(C8/5)*0.2 -> 0
A69: Cost of Professional Services | B69: =K34 -> 0
A70: Cost of electrical power consumption | B70: =E59 -> 0
A71: Cost of Moves service | B71: =K47 -> 0
A72: Cost of the Upgrades Kit Factory Install. | B72: ='Upgrade Kits'!F49 -> 0
A73: Cost of the 'Non-returnable disk' | B73: ='Non Returnable Disks'!F11 -> 0
A74: Cost of the Media Sanitization Basic | B74: ='Media Sanitization Basic '!E10 -> 0
A75: Cost of the Media Sanitization Extended | B75: ='Media Sanitization High'!H10 -> 0
A76: Total Financial Evaluation | B76: =SUM(B62:B75) -> 0

Sheet Standard 2 sockets Blade Server
B2: Please fill in the yellow fields. If necessary, delete or add position lines. If necessary, replace the 'Any other component' line with a component description. Please make sure, that the 'Price for the proposed configuration' includes all related items.
A6: Proposed Configuration - Standard 2 sockets Blade server
A8: Position | B8: Product code/ reference | C8: Description | D8: Net unit price (EUR) | E8: Extended Guarantee (Standard) yearly fee (%) | F8: Extended Guarantee (Critical) yearly fee (%) | G8: Quantity | H8: Total Item price (EUR) | I8: Extended Guarantee service (Standard) yearly fee (EUR) | J8: Extended Guarantee service (Critical) yearly fee (EUR) | K8: Remarks
A9: A | B9: B | C9: C | D9: D | E9: E | F9: F | G9: G | H9: H | I9: I | J9: J
C10: Example - please complete the list! | H10: H=ROUND(D*G) | I10: I=ROUND(H*E) | J10: J=ROUND(H*F)
A11: 1 | C11: Enclosure (Chassis) | D11: Fill | E11: ='Extended Guarantees'!$E$15 -> 0 | F11: ='Extended Guarantees'!$K$15 -> 0 | G11: Fill | H11: =IF(ISNUMBER(ROUND($D11*$G11,2)),ROUND($D11*$G11,2),"") | I11: =IF(ISNUMBER(ROUND($H11*E11,2)),ROUND($H11*E11,2),"") | J11: =IF(ISNUMBER(ROUND($H11*F11,2)),ROUND($H11*F11,2),"")
A12: 2 | C12: Power-supply | D12: Fill | E12: ='Extended Guarantees'!$E$15 -> 0 | F12: ='Extended Guarantees'!$K$15 -> 0 | G12: Fill | H12: =IF(ISNUMBER(ROUND($D12*$G12,2)),ROUND($D12*$G12,2),"") | I12: =IF(ISNUMBER(ROUND($H12*E12,2)),ROUND($H12*E12,2),"") | J12: =IF(ISNUMBER(ROUND($H12*F12,2)),ROUND($H12*F12,2),"")
A13: 3 | C13: Cooling fans | D13: Fill | E13: ='Extended Guarantees'!$E$15 -> 0 | F13: ='Extended Guarantees'!$K$15 -> 0 | G13: Fill | H13: =IF(ISNUMBER(ROUND($D13*$G13,2)),ROUND($D13*$G13,2),"") | I13: =IF(ISNUMBER(ROUND($H13*E13,2)),ROUND($H13*E13,2),"") | J13: =IF(ISNUMBER(ROUND($H13*F13,2)),ROUND($H13*F13,2),"")
A14: 4 | C14: Monitoring software | D14: Fill | E14: ='Extended Guarantees'!$E$15 -> 0 | F14: ='Extended Guarantees'!$K$15 -> 0 | G14: Fill | H14: =IF(ISNUMBER(ROUND($D14*$G14,2)),ROUND($D14*$G14,2),"") | I14: =IF(ISNUMBER(ROUND($H14*E14,2)),ROUND($H14*E14,2),"") | J14: =IF(ISNUMBER(ROUND($H14*F14,2)),ROUND($H14*F14,2),"")
A15: 5 | C15: Remote management card | D15: Fill | E15: ='Extended Guarantees'!$E$15 -> 0 | F15: ='Extended Guarantees'!$K$15 -> 0 | G15: Fill | H15: =IF(ISNUMBER(ROUND($D15*$G15,2)),ROUND($D15*$G15,2),"") | I15: =IF(ISNUMBER(ROUND($H15*E15,2)),ROUND($H15*E15,2),"") | J15: =IF(ISNUMBER(ROUND($H15*F15,2)),ROUND($H15*F15,2),"")
A16: 6 | C16: Any other component | D16: Fill | E16: ='Extended Guarantees'!$E$15 -> 0 | F16: ='Extended Guarantees'!$K$15 -> 0 | G16: Fill | H16: =IF(ISNUMBER(ROUND($D16*$G16,2)),ROUND($D16*$G16,2),"") | I16: =IF(ISNUMBER(ROUND($H16*E16,2)),ROUND($H16*E16,2),"") | J16: =IF(ISNUMBER(ROUND($H16*F16,2)),ROUND($H16*F16,2),"")
A17: 7 | D17: Fill | E17: ='Extended Guarantees'!$E$15 -> 0 | F17: ='Extended Guarantees'!$K$15 -> 0 | G17: Fill | H17: =IF(ISNUMBER(ROUND($D17*$G17,2)),ROUND($D17*$G17,2),"") | I17: =IF(ISNUMBER(ROUND($H17*E17,2)),ROUND($H17*E17,2),"") | J17: =IF(ISNUMBER(ROUND($H17*F17,2)),ROUND($H17*F17,2),"")
A18: 8 | D18: Fill | E18: ='Extended Guarantees'!$E$15 -> 0 | F18: ='Extended Guarantees'!$K$15 -> 0 | G18: Fill | H18: =IF(ISNUMBER(ROUND($D18*$G18,2)),ROUND($D18*$G18,2),"") | I18: =IF(ISNUMBER(ROUND($H18*E18,2)),ROUND($H18*E18,2),"") | J18: =IF(ISNUMBER(ROUND($H18*F18,2)),ROUND($H18*F18,2),"")
A19: 9 | D19: Fill | E19: ='Extended Guarantees'!$E$15 -> 0 | F19: ='Extended Guarantees'!$K$15 -> 0 | G19: Fill | H19: =IF(ISNUMBER(ROUND($D19*$G19,2)),ROUND($D19*$G19,2),"") | I19: =IF(ISNUMBER(ROUND($H19*E19,2)),ROUND($H19*E19,2),"") | J19: =IF(ISNUMBER(ROUND($H19*F19,2)),ROUND($H19*F19,2),"")
A20: 10 | D20: Fill | E20: ='Extended Guarantees'!$E$15 -> 0 | F20: ='Extended Guarantees'!$K$15 -> 0 | G20: Fill | H20: =IF(ISNUMBER(ROUND($D20*$G20,2)),ROUND($D20*$G20,2),"") | I20: =IF(ISNUMBER(ROUND($H20*E20,2)),ROUND($H20*E20,2),"") | J20: =IF(ISNUMBER(ROUND($H20*F20,2)),ROUND($H20*F20,2),"")
A21: 11 | D21: Fill | E21: ='Extended Guarantees'!$E$15 -> 0 | F21: ='Extended Guarantees'!$K$15 -> 0 | G21: Fill | H21: =IF(ISNUMBER(ROUND($D21*$G21,2)),ROUND($D21*$G21,2),"") | I21: =IF(ISNUMBER(ROUND($H21*E21,2)),ROUND($H21*E21,2),"") | J21: =IF(ISNUMBER(ROUND($H21*F21,2)),ROUND($H21*F21,2),"")
A22: 12 | D22: Fill | E22: ='Extended Guarantees'!$E$15 -> 0 | F22: ='Extended Guarantees'!$K$15 -> 0 | G22: Fill | H22: =IF(ISNUMBER(ROUND($D22*$G22,2)),ROUND($D22*$G22,2),"") | I22: =IF(ISNUMBER(ROUND($H22*E22,2)),ROUND($H22*E22,2),"") | J22: =IF(ISNUMBER(ROUND($H22*F22,2)),ROUND($H22*F22,2),"")
A23: 13 | D23: Fill | E23: ='Extended Guarantees'!$E$15 -> 0 | F23: ='Extended Guarantees'!$K$15 -> 0 | G23: Fill | H23: =IF(ISNUMBER(ROUND($D23*$G23,2)),ROUND($D23*$G23,2),"") | I23: =IF(ISNUMBER(ROUND($H23*E23,2)),ROUND($H23*E23,2),"") | J23: =IF(ISNUMBER(ROUND($H23*F23,2)),ROUND($H23*F23,2),"")
A24: 14 | D24: Fill | E24: ='Extended Guarantees'!$E$15 -> 0 | F24: ='Extended Guarantees'!$K$15 -> 0 | G24: Fill | H24: =IF(ISNUMBER(ROUND($D24*$G24,2)),ROUND($D24*$G24,2),"") | I24: =IF(ISNUMBER(ROUND($H24*E24,2)),ROUND($H24*E24,2),"") | J24: =IF(ISNUMBER(ROUND($H24*F24,2)),ROUND($H24*F24,2),"")
A25: 15 | D25: Fill | E25: ='Extended Guarantees'!$E$15 -> 0 | F25: ='Extended Guarantees'!$K$15 -> 0 | G25: Fill | H25: =IF(ISNUMBER(ROUND($D25*$G25,2)),ROUND($D25*$G25,2),"") | I25: =IF(ISNUMBER(ROUND($H25*E25,2)),ROUND($H25*E25,2),"") | J25: =IF(ISNUMBER(ROUND($H25*F25,2)),ROUND($H25*F25,2),"")
A26: ENCLOSURE (CHASSIS) Price for the Financial Evaluation | H26: =SUM(H11:H25)/D51 -> 0 | I26: =H26*'Extended Guarantees'!E15 -> 0 | J26: =H26*'Extended Guarantees'!K15 -> 0 | K26: Remarks
A27: ENCLOSURE (CHASSIS) Price | H27: =SUM(H11:H25) -> 0 | I27: =SUM(I11:I25) -> 0 | J27: =SUM(J11:J25) -> 0
A28: 16 | C28: Blade | D28: Fill | E28: ='Extended Guarantees'!E$15 -> 0 | F28: ='Extended Guarantees'!$K$15 -> 0 | G28: Fill | H28: =IF(ISNUMBER(ROUND($D28*$G28,2)),ROUND($D28*$G28,2),"") | I28: =IF(ISNUMBER(ROUND($H28*E28,2)),ROUND($H28*E28,2),"") | J28: =IF(ISNUMBER(ROUND($H28*F28,2)),ROUND($H28*F28,2),"")
A29: 17 | C29: CPU | D29: Fill | E29: ='Extended Guarantees'!E$15 -> 0 | F29: ='Extended Guarantees'!$K$15 -> 0 | G29: Fill | H29: =IF(ISNUMBER(ROUND($D29*$G29,2)),ROUND($D29*$G29,2),"") | I29: =IF(ISNUMBER(ROUND($H29*E29,2)),ROUND($H29*E29,2),"") | J29: =IF(ISNUMBER(ROUND($H29*F29,2)),ROUND($H29*F29,2),"")
A30: 18 | C30: Memory | D30: Fill | E30: ='Extended Guarantees'!E$15 -> 0 | F30: ='Extended Guarantees'!$K$15 -> 0 | G30: Fill | H30: =IF(ISNUMBER(ROUND($D30*$G30,2)),ROUND($D30*$G30,2),"") | I30: =IF(ISNUMBER(ROUND($H30*E30,2)),ROUND($H30*E30,2),"") | J30: =IF(ISNUMBER(ROUND($H30*F30,2)),ROUND($H30*F30,2),"")
A31: 19 | C31: Internal disks | D31: Fill | E31: ='Extended Guarantees'!E$15 -> 0 | F31: ='Extended Guarantees'!$K$15 -> 0 | G31: Fill | H31: =IF(ISNUMBER(ROUND($D31*$G31,2)),ROUND($D31*$G31,2),"") | I31: =IF(ISNUMBER(ROUND($H31*E31,2)),ROUND($H31*E31,2),"") | J31: =IF(ISNUMBER(ROUND($H31*F31,2)),ROUND($H31*F31,2),"")
A32: 20 | C32: Monitoring software | D32: Fill | E32: ='Extended Guarantees'!E$15 -> 0 | F32: ='Extended Guarantees'!$K$15 -> 0 | G32: Fill | H32: =IF(ISNUMBER(ROUND($D32*$G32,2)),ROUND($D32*$G32,2),"") | I32: =IF(ISNUMBER(ROUND($H32*E32,2)),ROUND($H32*E32,2),"") | J32: =IF(ISNUMBER(ROUND($H32*F32,2)),ROUND($H32*F32,2),"")
A33: 21 | C33: Remote management card | D33: Fill | E33: ='Extended Guarantees'!E$15 -> 0 | F33: ='Extended Guarantees'!$K$15 -> 0 | G33: Fill | H33: =IF(ISNUMBER(ROUND($D33*$G33,2)),ROUND($D33*$G33,2),"") | I33: =IF(ISNUMBER(ROUND($H33*E33,2)),ROUND($H33*E33,2),"") | J33: =IF(ISNUMBER(ROUND($H33*F33,2)),ROUND($H33*F33,2),"")
A34: 22 | C34: NIC | D34: Fill | E34: ='Extended Guarantees'!E$15 -> 0 | F34: ='Extended Guarantees'!$K$15 -> 0 | G34: Fill | H34: =IF(ISNUMBER(ROUND($D34*$G34,2)),ROUND($D34*$G34,2),"") | I34: =IF(ISNUMBER(ROUND($H34*E34,2)),ROUND($H34*E34,2),"") | J34: =IF(ISNUMBER(ROUND($H34*F34,2)),ROUND($H34*F34,2),"")
A35: 23 | C35: Fibre Channel HBA | D35: Fill | E35: ='Extended Guarantees'!E$15 -> 0 | F35: ='Extended Guarantees'!$K$15 -> 0 | G35: Fill | H35: =IF(ISNUMBER(ROUND($D35*$G35,2)),ROUND($D35*$G35,2),"") | I35: =IF(ISNUMBER(ROUND($H35*E35,2)),ROUND($H35*E35,2),"") | J35: =IF(ISNUMBER(ROUND($H35*F35,2)),ROUND($H35*F35,2),"")
A36: 24 | C36: Management tools | D36: Fill | E36: ='Extended Guarantees'!E$15 -> 0 | F36: ='Extended Guarantees'!$K$15 -> 0 | G36: Fill | H36: =IF(ISNUMBER(ROUND($D36*$G36,2)),ROUND($D36*$G36,2),"") | I36: =IF(ISNUMBER(ROUND($H36*E36,2)),ROUND($H36*E36,2),"") | J36: =IF(ISNUMBER(ROUND($H36*F36,2)),ROUND($H36*F36,2),"")
A37: 25 | C37: Any other component | D37: Fill | E37: ='Extended Guarantees'!E$15 -> 0 | F37: ='Extended Guarantees'!$K$15 -> 0 | G37: Fill | H37: =IF(ISNUMBER(ROUND($D37*$G37,2)),ROUND($D37*$G37,2),"") | I37: =IF(ISNUMBER(ROUND($H37*E37,2)),ROUND($H37*E37,2),"") | J37: =IF(ISNUMBER(ROUND($H37*F37,2)),ROUND($H37*F37,2),"")
A38: 26 | D38: Fill | E38: ='Extended Guarantees'!E$15 -> 0 | F38: ='Extended Guarantees'!$K$15 -> 0 | G38: Fill | H38: =IF(ISNUMBER(ROUND($D38*$G38,2)),ROUND($D38*$G38,2),"") | I38: =IF(ISNUMBER(ROUND($H38*E38,2)),ROUND($H38*E38,2),"") | J38: =IF(ISNUMBER(ROUND($H38*F38,2)),ROUND($H38*F38,2),"")
A39: 27 | D39: Fill | E39: ='Extended Guarantees'!E$15 -> 0 | F39: ='Extended Guarantees'!$K$15 -> 0 | G39: Fill | H39: =IF(ISNUMBER(ROUND($D39*$G39,2)),ROUND($D39*$G39,2),"") | I39: =IF(ISNUMBER(ROUND($H39*E39,2)),ROUND($H39*E39,2),"") | J39: =IF(ISNUMBER(ROUND($H39*F39,2)),ROUND($H39*F39,2),"")
A40: 28 | D40: Fill | E40: ='Extended Guarantees'!E$15 -> 0 | F40: ='Extended Guarantees'!$K$15 -> 0 | G40: Fill | H40: =IF(ISNUMBER(ROUND($D40*$G40,2)),ROUND($D40*$G40,2),"") | I40: =IF(ISNUMBER(ROUND($H40*E40,2)),ROUND($H40*E40,2),"") | J40: =IF(ISNUMBER(ROUND($H40*F40,2)),ROUND($H40*F40,2),"")
A41: 29 | D41: Fill | E41: ='Extended Guarantees'!E$15 -> 0 | F41: ='Extended Guarantees'!$K$15 -> 0 | G41: Fill | H41: =IF(ISNUMBER(ROUND($D41*$G41,2)),ROUND($D41*$G41,2),"") | I41: =IF(ISNUMBER(ROUND($H41*E41,2)),ROUND($H41*E41,2),"") | J41: =IF(ISNUMBER(ROUND($H41*F41,2)),ROUND($H41*F41,2),"")
A42: 30 | D42: Fill | E42: ='Extended Guarantees'!E$15 -> 0 | F42: ='Extended Guarantees'!$K$15 -> 0 | G42: Fill | H42: =IF(ISNUMBER(ROUND($D42*$G42,2)),ROUND($D42*$G42,2),"") | I42: =IF(ISNUMBER(ROUND($H42*E42,2)),ROUND($H42*E42,2),"") | J42: =IF(ISNUMBER(ROUND($H42*F42,2)),ROUND($H42*F42,2),"")
B43: BLADE Price | H43: =SUM(H28:H42) -> 0 | I43: =SUM(I28:I42) -> 0 | J43: =SUM(J28:J42) -> 0
C50: For your information, the current EU enclosure capacity for the proposed Standard Blade server is: | D50: 14
C51: Maximum number of the proposed Standard Blade server that can be hosted in the proposed enclosure/chassis? | D51: 1
H54: Proposed Server Total Price (EUR) | I54: Extended Guarantee service (Standard) 1 year fee (EUR) | J54: Extended Guarantee service (Critical) 1 year fee (EUR) | K54: Standard Extended Guarantee fee for five (5) years package (EUR) | L54: Critical Extended Guarantee fee for five (5) years package (EUR)
A55: 31 | B55: Price for proposed configuration (EUR), for the financial evaluation, without installation. The purchase price includes the Manufacturer Guarantee (see Section 3.4.5.1 of the Tendering Specifications), the delivery and the delivery of the Management Tools. | H55: =H26+H43 -> 0 | I55: =I26+I43 -> 0 | J55: =J26+J43 -> 0 | K55: =H26*'Extended Guarantees'!E18+H43*'Extended Guarantees'!E18 -> 0 | L55: =H26*'Extended Guarantees'!K18+H43*'Extended Guarantees'!K18 -> 0
A56: 32 | B56: Price for proposed configuration (EUR), without installation. The purchase price includes the Manufacturer Guarantee (see Section 3.4.5.1 of the Tendering Specifications), the delivery and the delivery of the Management Tools. | H56: =H27+H43 -> 0 | I56: =I27+I43 -> 0 | J56: =J27+J43 -> 0 | K56: =H27*'Extended Guarantees'!E18+H43*'Extended Guarantees'!E18 -> 0 | L56: =H27*'Extended Guarantees'!K18+H43*'Extended Guarantees'!K18 -> 0
H59: Proposed Server Total Price for the installation (EUR)
A60: 33 | B60: Price for the installation of the proposed configuration (EUR) | H60: 0
B61: The installation price including the hardware installation and assembly, as well as the installation of the Operating System and the installation of System and Management tools.
A63: Main options (only internal components) for the proposed configuration - Standard 2 sockets Blade server
A64: The 2 installation prices provided in the 'Options (internal components)' tab apply for the components provided here below when the component needs to be installed at EUIs premises as an upgrade (no installation fee when ordered at the same time as the server and factory installed).
A65: Position | B65: Per Item
B66: Product code/ reference | C66: Description | H66: Net unit price (EUR) | I66: Extended Guarantee service (Standard) yearly fee (EUR) | J66: Extended Guarantee service (Critical) yearly fee (EUR) | K66: Standard Extended Guarantee fee for five (5) years package (EUR) | L66: Critical Extended Guarantee fee for five (5) years package (EUR)
A67: K | B67: L | C67: M | H67: N | I67: O | J67: P | K67: Q | L67: R
A68: 34 | C68: Additional blade, identical to the one proposed in the configuration Standard Blade server (price cannot be higher than the price in H43) | H68: 0 | I68: =H68*'Extended Guarantees'!$E$15 -> 0 | J68: =H68*'Extended Guarantees'!$K$15 -> 0 | K68: ='Extended Guarantees'!$E$18*H68 -> 0 | L68: ='Extended Guarantees'!$K$18*H68 -> 0
A69: 35 | C69: additional CPUs | H69: 0 | I69: =H69*'Extended Guarantees'!$E$15 -> 0 | J69: =H69*'Extended Guarantees'!$K$15 -> 0 | K69: ='Extended Guarantees'!$E$18*H69 -> 0 | L69: ='Extended Guarantees'!$K$18*H69 -> 0
A70: 36 | C70: CPU upgrade | H70: 0 | I70: =H70*'Extended Guarantees'!$E$15 -> 0 | J70: =H70*'Extended Guarantees'!$K$15 -> 0 | K70: ='Extended Guarantees'!$E$18*H70 -> 0 | L70: ='Extended Guarantees'!$K$18*H70 -> 0
A71: 37 | C71: additional memory | H71: 0 | I71: =H71*'Extended Guarantees'!$E$15 -> 0 | J71: =H71*'Extended Guarantees'!$K$15 -> 0 | K71: ='Extended Guarantees'!$E$18*H71 -> 0 | L71: ='Extended Guarantees'!$K$18*H71 -> 0
A72: 38 | C72: memory upgrade | H72: 0 | I72: =H72*'Extended Guarantees'!$E$15 -> 0 | J72: =H72*'Extended Guarantees'!$K$15 -> 0 | K72: ='Extended Guarantees'!$E$18*H72 -> 0 | L72: ='Extended Guarantees'!$K$18*H72 -> 0
A73: 39 | C73: internal disks | H73: 0 | I73: =H73*'Extended Guarantees'!$E$15 -> 0 | J73: =H73*'Extended Guarantees'!$K$15 -> 0 | K73: ='Extended Guarantees'!$E$18*H73 -> 0 | L73: ='Extended Guarantees'!$K$18*H73 -> 0
A74: 40 | C74: disk upgrades | H74: 0 | I74: =H74*'Extended Guarantees'!$E$15 -> 0 | J74: =H74*'Extended Guarantees'!$K$15 -> 0 | K74: ='Extended Guarantees'!$E$18*H74 -> 0 | L74: ='Extended Guarantees'!$K$18*H74 -> 0
A75: 41 | C75: additional NICs | H75: 0 | I75: =H75*'Extended Guarantees'!$E$15 -> 0 | J75: =H75*'Extended Guarantees'!$K$15 -> 0 | K75: ='Extended Guarantees'!$E$18*H75 -> 0 | L75: ='Extended Guarantees'!$K$18*H75 -> 0
A76: 42 | C76: additional HBAs | H76: 0 | I76: =H76*'Extended Guarantees'!$E$15 -> 0 | J76: =H76*'Extended Guarantees'!$K$15 -> 0 | K76: ='Extended Guarantees'!$E$18*H76 -> 0 | L76: ='Extended Guarantees'!$K$18*H76 -> 0
A77: 43 | C77: software for monitoring, management and performance | H77: 0 | I77: =H77*'Extended Guarantees'!$E$15 -> 0 | J77: =H77*'Extended Guarantees'!$K$15 -> 0 | K77: ='Extended Guarantees'!$E$18*H77 -> 0 | L77: ='Extended Guarantees'!$K$18*H77 -> 0
A78: 44 | C78: built-in (USB) interface for Embedded Hypervisor | H78: 0 | I78: =H78*'Extended Guarantees'!$E$15 -> 0 | J78: =H78*'Extended Guarantees'!$K$15 -> 0 | K78: ='Extended Guarantees'!$E$18*H78 -> 0 | L78: ='Extended Guarantees'!$K$18*H78 -> 0
A79: 45 | C79: additional power-supply | H79: 0 | I79: =H79*'Extended Guarantees'!$E$15 -> 0 | J79: =H79*'Extended Guarantees'!$K$15 -> 0 | K79: ='Extended Guarantees'!$E$18*H79 -> 0 | L79: ='Extended Guarantees'!$K$18*H79 -> 0
... A82: 48 | C82: Any other component | H82: 0 | I82: =H82*'Extended Guarantees'!$E$15 -> 0 | J82: =H82*'Extended Guarantees'!$K$15 -> 0 | K82: ='Extended Guarantees'!$E$18*H82 -> 0 | L82: ='Extended Guarantees'!$K$18*H82 -> 0
A83: 49 | H83: 0 | I83: =H83*'Extended Guarantees'!$E$15 -> 0 | J83: =H83*'Extended Guarantees'!$K$15 -> 0 | K83: ='Extended Guarantees'!$E$18*H83 -> 0 | L83: ='Extended Guarantees'!$K$18*H83 -> 0
A84: 50 | H84: 0 | I84: =H84*'Extended Guarantees'!$E$15 -> 0 | J84: =H84*'Extended Guarantees'!$K$15 -> 0 | K84: ='Extended Guarantees'!$E$18*H84 -> 0 | L84: ='Extended Guarantees'!$K$18*H84 -> 0
C88: Remarks: 1) 'proposed configuration' means the chassis and the blade for the Standard blade server and 'proposed configuration' means the server for the 4 rack server categories. 2) 'proposed server' means the blade server only (not the chassis/enclosure) for the blade server and means the server for the rack server categories. 3) 'chassis' is equivalent to 'enclosure'.

Sheet Standard 2 sockets Rackable
B2: Please fill in the yellow fields. If necessary, delete or add position lines. If necessary, replace the 'Any other component' line with a component description. Please make sure, that the 'Price for the proposed configuration' includes all related items.
A6: Proposed Configuration - Standard 2 sockets rackable server
A8: Position | B8: Product code/ reference | C8: Description | D8: Net unit price (EUR) | E8: Extended Guarantee service (Standard) yearly fee (%) | F8: Extended Guarantee service (Critical) yearly fee (%) | G8: Quantity | H8: Total Item price (EUR) | I8: Extended Guarantee service (Standard) yearly fee (EUR) | J8: Extended Guarantee service (Critical) yearly fee (EUR) | K8: Remarks
A9: A | B9: B | C9: C | D9: D | E9: E | F9: F | G9: G | H9: H | I9: I | J9: J
C10: Example - please complete | H10: H=ROUND(D*G) | I10: I=ROUND(H*E) | J10: J=ROUND(H*F)
A11: 1 | C11: Base configuration (brief description) | D11: Fill | E11: ='Extended Guarantees'!$E$15 -> 0 | F11: ='Extended Guarantees'!$K$15 -> 0 | G11: Fill | H11: =IF(ISNUMBER(ROUND($D11*$G11,2)),ROUND($D11*$G11,2),"") | I11: =IF(ISNUMBER(ROUND($H11*$E11,2)),ROUND($H11*$E11,2),"") | J11: =IF(ISNUMBER(ROUND($H11*$F11,2)),ROUND($H11*$F11,2),"")
A12: 2 | C12: CPU | D12: Fill | E12: ='Extended Guarantees'!$E$15 -> 0 | F12: ='Extended Guarantees'!$K$15 -> 0 | G12: Fill | H12: =IF(ISNUMBER(ROUND($D12*$G12,2)),ROUND($D12*$G12,2),"") | I12: =IF(ISNUMBER(ROUND($H12*E12,2)),ROUND($H12*E12,2),"") | J12: =IF(ISNUMBER(ROUND($H12*F12,2)),ROUND($H12*F12,2),"")
A13: 3 | C13: Memory | D13: Fill | E13: ='Extended Guarantees'!$E$15 -> 0 | F13: ='Extended Guarantees'!$K$15 -> 0 | G13: Fill | H13: =IF(ISNUMBER(ROUND($D13*$G13,2)),ROUND($D13*$G13,2),"") | I13: =IF(ISNUMBER(ROUND($H13*E13,2)),ROUND($H13*E13,2),"") | J13: =IF(ISNUMBER(ROUND($H13*F13,2)),ROUND($H13*F13,2),"")
A14: 4 | C14: Internal disks | D14: Fill | E14: ='Extended Guarantees'!$E$15 -> 0 | F14: ='Extended Guarantees'!$K$15 -> 0 | G14: Fill | H14: =IF(ISNUMBER(ROUND($D14*$G14,2)),ROUND($D14*$G14,2),"") | I14: =IF(ISNUMBER(ROUND($H14*E14,2)),ROUND($H14*E14,2),"") | J14: =IF(ISNUMBER(ROUND($H14*F14,2)),ROUND($H14*F14,2),"")
A15: 5 | C15: Fibre Channel HBA | D15: Fill | E15: ='Extended Guarantees'!$E$15 -> 0 | F15: ='Extended Guarantees'!$K$15 -> 0 | G15: Fill | H15: =IF(ISNUMBER(ROUND($D15*$G15,2)),ROUND($D15*$G15,2),"") | I15: =IF(ISNUMBER(ROUND($H15*E15,2)),ROUND($H15*E15,2),"") | J15: =IF(ISNUMBER(ROUND($H15*F15,2)),ROUND($H15*F15,2),"")
A16: 6 | C16: Cluster software (only B, C, D and E) | D16: Fill | E16: ='Extended Guarantees'!$E$15 -> 0 | F16: ='Extended Guarantees'!$K$15 -> 0 | G16: Fill | H16: =IF(ISNUMBER(ROUND($D16*$G16,2)),ROUND($D16*$G16,2),"") | I16: =IF(ISNUMBER(ROUND($H16*E16,2)),ROUND($H16*E16,2),"") | J16: =IF(ISNUMBER(ROUND($H16*F16,2)),ROUND($H16*F16,2),"")
A17: 7 | C17: Monitoring software | D17: Fill | E17: ='Extended Guarantees'!$E$15 -> 0 | F17: ='Extended Guarantees'!$K$15 -> 0 | G17: Fill | H17: =IF(ISNUMBER(ROUND($D17*$G17,2)),ROUND($D17*$G17,2),"") | I17: =IF(ISNUMBER(ROUND($H17*E17,2)),ROUND($H17*E17,2),"") | J17: =IF(ISNUMBER(ROUND($H17*F17,2)),ROUND($H17*F17,2),"")
A18: 8 | C18: Remote management card | D18: Fill | E18: ='Extended Guarantees'!$E$15 -> 0 | F18: ='Extended Guarantees'!$K$15 -> 0 | G18: Fill | H18: =IF(ISNUMBER(ROUND($D18*$G18,2)),ROUND($D18*$G18,2),"") | I18: =IF(ISNUMBER(ROUND($H18*E18,2)),ROUND($H18*E18,2),"") | J18: =IF(ISNUMBER(ROUND($H18*F18,2)),ROUND($H18*F18,2),"")
A19: 9 | C19: NIC | D19: Fill | E19: ='Extended Guarantees'!$E$15 -> 0 | F19: ='Extended Guarantees'!$K$15 -> 0 | G19: Fill | H19: =IF(ISNUMBER(ROUND($D19*$G19,2)),ROUND($D19*$G19,2),"") | I19: =IF(ISNUMBER(ROUND($H19*E19,2)),ROUND($H19*E19,2),"") | J19: =IF(ISNUMBER(ROUND($H19*F19,2)),ROUND($H19*F19,2),"")
A20: 10 | C20: Any other component | D20: Fill | E20: ='Extended Guarantees'!$E$15 -> 0 | F20: ='Extended Guarantees'!$K$15 -> 0 | G20: Fill | H20: =IF(ISNUMBER(ROUND($D20*$G20,2)),ROUND($D20*$G20,2),"") | I20: =IF(ISNUMBER(ROUND($H20*E20,2)),ROUND($H20*E20,2),"") | J20: =IF(ISNUMBER(ROUND($H20*F20,2)),ROUND($H20*F20,2),"")
A21: 11 | C21: Management tools | D21: Fill | E21: ='Extended Guarantees'!$E$15 -> 0 | F21: ='Extended Guarantees'!$K$15 -> 0 | G21: Fill | H21: =IF(ISNUMBER(ROUND($D21*$G21,2)),ROUND($D21*$G21,2),"") | I21: =IF(ISNUMBER(ROUND($H21*E21,2)),ROUND($H21*E21,2),"") | J21: =IF(ISNUMBER(ROUND($H21*F21,2)),ROUND($H21*F21,2),"")
A22: 12 | D22: Fill | E22: ='Extended Guarantees'!$E$15 -> 0 | F22: ='Extended Guarantees'!$K$15 -> 0 | G22: Fill | H22: =IF(ISNUMBER(ROUND($D22*$G22,2)),ROUND($D22*$G22,2),"") | I22: =IF(ISNUMBER(ROUND($H22*E22,2)),ROUND($H22*E22,2),"") | J22: =IF(ISNUMBER(ROUND($H22*F22,2)),ROUND($H22*F22,2),"")
A23: 13 | D23: Fill | E23: ='Extended Guarantees'!$E$15 -> 0 | F23: ='Extended Guarantees'!$K$15 -> 0 | G23: Fill | H23: =IF(ISNUMBER(ROUND($D23*$G23,2)),ROUND($D23*$G23,2),"") | I23: =IF(ISNUMBER(ROUND($H23*E23,2)),ROUND($H23*E23,2),"") | J23: =IF(ISNUMBER(ROUND($H23*F23,2)),ROUND($H23*F23,2),"")
A24: 14 | D24: Fill | E24: ='Extended Guarantees'!$E$15 -> 0 | F24: ='Extended Guarantees'!$K$15 -> 0 | G24: Fill | H24: =IF(ISNUMBER(ROUND($D24*$G24,2)),ROUND($D24*$G24,2),"") | I24: =IF(ISNUMBER(ROUND($H24*E24,2)),ROUND($H24*E24,2),"") | J24: =IF(ISNUMBER(ROUND($H24*F24,2)),ROUND($H24*F24,2),"")
A25: 15 | D25: Fill | E25: ='Extended Guarantees'!$E$15 -> 0 | F25: ='Extended Guarantees'!$K$15 -> 0 | G25: Fill | H25: =IF(ISNUMBER(ROUND($D25*$G25,2)),ROUND($D25*$G25,2),"") | I25: =IF(ISNUMBER(ROUND($H25*E25,2)),ROUND($H25*E25,2),"") | J25: =IF(ISNUMBER(ROUND($H25*F25,2)),ROUND($H25*F25,2),"")
A26: 16 | D26: Fill | E26: ='Extended Guarantees'!$E$15 -> 0 | F26: ='Extended Guarantees'!$K$15 -> 0 | G26: Fill | H26: =IF(ISNUMBER(ROUND($D26*$G26,2)),ROUND($D26*$G26,2),"") | I26: =IF(ISNUMBER(ROUND($H26*E26,2)),ROUND($H26*E26,2),"") | J26: =IF(ISNUMBER(ROUND($H26*F26,2)),ROUND($H26*F26,2),"")
A27: 17 | D27: Fill | E27: ='Extended Guarantees'!$E$15 -> 0 | F27: ='Extended Guarantees'!$K$15 -> 0 | G27: Fill | H27: =IF(ISNUMBER(ROUND($D27*$G27,2)),ROUND($D27*$G27,2),"") | I27: =IF(ISNUMBER(ROUND($H27*E27,2)),ROUND($H27*E27,2),"") | J27: =IF(ISNUMBER(ROUND($H27*F27,2)),ROUND($H27*F27,2),"")
A28: 18 | D28: Fill | E28: ='Extended Guarantees'!$E$15 -> 0 | F28: ='Extended Guarantees'!$K$15 -> 0 | G28: Fill | H28: =IF(ISNUMBER(ROUND($D28*$G28,2)),ROUND($D28*$G28,2),"") | I28: =IF(ISNUMBER(ROUND($H28*E28,2)),ROUND($H28*E28,2),"") | J28: =IF(ISNUMBER(ROUND($H28*F28,2)),ROUND($H28*F28,2),"")
A29: 19 | D29: Fill | E29: ='Extended Guarantees'!$E$15 -> 0 | F29: ='Extended Guarantees'!$K$15 -> 0 | G29: Fill | H29: =IF(ISNUMBER(ROUND($D29*$G29,2)),ROUND($D29*$G29,2),"") | I29: =IF(ISNUMBER(ROUND($H29*E29,2)),ROUND($H29*E29,2),"") | J29: =IF(ISNUMBER(ROUND($H29*F29,2)),ROUND($H29*F29,2),"")
A30: 20 | D30: Fill | E30: ='Extended Guarantees'!$E$15 -> 0 | F30: ='Extended Guarantees'!$K$15 -> 0 | G30: Fill | H30: =IF(ISNUMBER(ROUND($D30*$G30,2)),ROUND($D30*$G30,2),"") | I30: =IF(ISNUMBER(ROUND($H30*E30,2)),ROUND($H30*E30,2),"") | J30: =IF(ISNUMBER(ROUND($H30*F30,2)),ROUND($H30*F30,2),"")
H39: Proposed Server Total Price (EUR) | I39: Extended Guarantee service (Standard) 1 year fee (EUR) | J39: Extended Guarantee service (Critical) 1 year fee (EUR) | K39: Standard Extended Guarantee fee for five (5) years package (EUR) | L39: Critical Extended Guarantee fee for five (5) years package (EUR)
A40: 21 | B40: Price for the proposed configuration (EUR), without installation | H40: =SUM(H11:H30) -> 0 | I40: =SUM(I11:I30) -> 0 | J40: =SUM(J11:J30) -> 0 | K40: =H40*'Extended Guarantees'!E18 -> 0 | L40: =H40*'Extended Guarantees'!K18 -> 0
B41: The purchase price including the Manufacturer Guarantee (see Section 3.4.5.1 of the Tendering Specifications), the delivery and the delivery of the Management Tools. No installation. | H41: =SUM(H23:H40) -> 0 | I41: =SUM(I23:I40) -> 0 | J41: =SUM(J23:J40) -> 0 | K41: =SUM(K23:K40) -> 0 | L41: =SUM(L23:L40) -> 0
H44: Total Price for the installation (EUR)
A45: 22 | B45: Price for the installation of the proposed configuration (EUR) | H45: 0
B46: The installation price including the hardware installation and assembly, as well as the installation of the Operating System and the installation of System and Management tools.
H48: Total Price for the installation of up to 5 servers bundle, on 1 site. (EUR)
A49: 23 | B49: Price for the installation of a bundle of 5 proposed configurations (EUR), on 1 site. | H49: 0
B50: The installation price including the hardware installation and assembly, as well as the installation of the Operating System and the installation of System and Management tools.
A54: Main options (only internal components) for the proposed configuration Standard 2 sockets rackable server
A55: The 2 installation prices provided in the 'Options (internal components)' tab apply for the components provided here below when the component needs to be installed at EUIs premises as an upgrade (no installation fee when ordered at the same time as the server and factory installed).
A58: Position | B58: Per Item
B59: Product code/ reference | C59: Description | H59: Net unit price (EUR) | I59: Extended Guarantee service (Standard) yearly fee (EUR) | J59: Extended Guarantee service (Critical) yearly fee (EUR) | K59: Standard Extended Guarantee fee for five (5) years package (EUR) | L59: Critical Extended Guarantee fee for five (5) years package (EUR)
A60: K | B60: L | C60: M | H60: N | I60: O | J60: P | K60: Q | L60: R
A61: 24 | C61: additional CPUs | H61: 0 | I61: =H61*'Extended Guarantees'!$E$15 -> 0 | J61: =H61*'Extended Guarantees'!$K$15 -> 0 | K61: ='Extended Guarantees'!$E$18*H61 -> 0 | L61: ='Extended Guarantees'!$K$18*H61 -> 0
A62: 25 | C62: CPU upgrade | H62: 0 | I62: =H62*'Extended Guarantees'!$E$15 -> 0 | J62: =H62*'Extended Guarantees'!$K$15 -> 0 | K62: ='Extended Guarantees'!$E$18*H62 -> 0 | L62: ='Extended Guarantees'!$K$18*H62 -> 0
A63: 26 | C63: additional memory | H63: 0 | I63: =H63*'Extended Guarantees'!$E$15 -> 0 | J63: =H63*'Extended Guarantees'!$K$15 -> 0 | K63: ='Extended Guarantees'!$E$18*H63 -> 0 | L63: ='Extended Guarantees'!$K$18*H63 -> 0
A64: 27 | C64: memory upgrade | H64: 0 | I64: =H64*'Extended Guarantees'!$E$15 -> 0 | J64: =H64*'Extended Guarantees'!$K$15 -> 0 | K64: ='Extended Guarantees'!$E$18*H64 -> 0 | L64: ='Extended Guarantees'!$K$18*H64 -> 0
A65: 28 | C65: internal disks | H65: 0 | I65: =H65*'Extended Guarantees'!$E$15 -> 0 | J65: =H65*'Extended Guarantees'!$K$15 -> 0 | K65: ='Extended Guarantees'!$E$18*H65 -> 0 | L65: ='Extended Guarantees'!$K$18*H65 -> 0
A66: 29 | C66: disk upgrades | H66: 0 | I66: =H66*'Extended Guarantees'!$E$15 -> 0 | J66: =H66*'Extended Guarantees'!$K$15 -> 0 | K66: ='Extended Guarantees'!$E$18*H66 -> 0 | L66: ='Extended Guarantees'!$K$18*H66 -> 0
A67: 30 | C67: additional NICs | H67: 0 | I67: =H67*'Extended Guarantees'!$E$15 -> 0 | J67: =H67*'Extended Guarantees'!$K$15 -> 0 | K67: ='Extended Guarantees'!$E$18*H67 -> 0 | L67: ='Extended Guarantees'!$K$18*H67 -> 0
A68: 31 | C68: additional HBAs | H68: 0 | I68: =H68*'Extended Guarantees'!$E$15 -> 0 | J68: =H68*'Extended Guarantees'!$K$15 -> 0 | K68: ='Extended Guarantees'!$E$18*H68 -> 0 | L68: ='Extended Guarantees'!$K$18*H68 -> 0
A69: 32 | C69: software for monitoring, management and performance | H69: 0 | I69: =H69*'Extended Guarantees'!$E$15 -> 0 | J69: =H69*'Extended Guarantees'!$K$15 -> 0 | K69: ='Extended Guarantees'!$E$18*H69 -> 0 | L69: ='Extended Guarantees'!$K$18*H69 -> 0
A70: 33 | C70: built-in (USB) interface for Embedded Hypervisor | H70: 0 | I70: =H70*'Extended Guarantees'!$E$15 -> 0 | J70: =H70*'Extended Guarantees'!$K$15 -> 0 | K70: ='Extended Guarantees'!$E$18*H70 -> 0 | L70: ='Extended Guarantees'!$K$18*H70 -> 0
A71: 34 | C71: additional power-supply | H71: 0 | I71: =H71*'Extended Guarantees'!$E$15 -> 0 | J71: =H71*'Extended Guarantees'!$K$15 -> 0 | K71: ='Extended Guarantees'!$E$18*H71 -> 0 | L71: ='Extended Guarantees'!$K$18*H71 -> 0
A72: 35 | C72: additional fans | H72: 0 | I72: =H72*'Extended Guarantees'!$E$15 -> 0 | J72: =H72*'Extended Guarantees'!$K$15 -> 0 | K72: ='Extended Guarantees'!$E$18*H72 -> 0 | L72: ='Extended Guarantees'!$K$18*H72 -> 0
... A74: 37 | C74: Any other component | H74: 0 | I74: =H74*'Extended Guarantees'!$E$15 -> 0 | J74: =H74*'Extended Guarantees'!$K$15 -> 0 | K74: ='Extended Guarantees'!$E$18*H74 -> 0 | L74: ='Extended Guarantees'!$K$18*H74 -> 0
A75: 38 | H75: 0 | I75: =H75*'Extended Guarantees'!$E$15 -> 0 | J75: =H75*'Extended Guarantees'!$K$15 -> 0 | K75: ='Extended Guarantees'!$E$18*H75 -> 0 | L75: ='Extended Guarantees'!$K$18*H75 -> 0
A76: 39 | H76: 0 | I76: =H76*'Extended Guarantees'!$E$15 -> 0 | J76: =H76*'Extended Guarantees'!$K$15 -> 0 | K76: ='Extended Guarantees'!$E$18*H76 -> 0 | L76: ='Extended Guarantees'!$K$18*H76 -> 0

Sheet Advanced 2 sockets Rackable
B2: Please fill in the yellow fields. If necessary, delete or add position lines. If necessary, replace the 'Any other component' line with a component description. Please make sure, that the 'Price for the proposed configuration' includes all related items.
A6: Proposed Configuration - Advanced 2 sockets rackable server
A8: Position | B8: Product code/ reference | C8: Description | D8: Net unit price (EUR) | E8: Extended Guarantee service (Standard) yearly fee (%) | F8: Extended Guarantee service (Critical) yearly fee (%) | G8: Quantity | H8: Total Item price (EUR) | I8: Extended Guarantee service (Standard) yearly fee (EUR) | J8: Extended Guarantee service (Critical) yearly fee (EUR) | K8: Remarks
A9: A | B9: B | C9: C | D9: D | E9: E | F9: F | G9: G | H9: H | I9: I | J9: J
C10: Example - please complete | H10: H=ROUND(D*G) | I10: I=ROUND(H*E) | J10: J=ROUND(H*F)
A11: 1 | C11: Base configuration (brief description) | D11: Fill | E11: ='Extended Guarantees'!$E$15 -> 0 | F11: ='Extended Guarantees'!$K$15 -> 0 | G11: Fill | H11: =IF(ISNUMBER(ROUND($D11*$G11,2)),ROUND($D11*$G11,2),"") | I11: =IF(ISNUMBER(ROUND($H11*$E11,2)),ROUND($H11*$E11,2),"") | J11: =IF(ISNUMBER(ROUND($H11*$F11,2)),ROUND($H11*$F11,2),"")
A12: 2 | C12: CPU | D12: Fill | E12: ='Extended Guarantees'!$E$15 -> 0 | F12: ='Extended Guarantees'!$K$15 -> 0 | G12: Fill | H12: =IF(ISNUMBER(ROUND($D12*$G12,2)),ROUND($D12*$G12,2),"") | I12: =IF(ISNUMBER(ROUND($H12*E12,2)),ROUND($H12*E12,2),"") | J12: =IF(ISNUMBER(ROUND($H12*F12,2)),ROUND($H12*F12,2),"")
A13: 3 | C13: Memory | D13: Fill | E13: ='Extended Guarantees'!$E$15 -> 0 | F13: ='Extended Guarantees'!$K$15 -> 0 | G13: Fill | H13: =IF(ISNUMBER(ROUND($D13*$G13,2)),ROUND($D13*$G13,2),"") | I13: =IF(ISNUMBER(ROUND($H13*E13,2)),ROUND($H13*E13,2),"") | J13: =IF(ISNUMBER(ROUND($H13*F13,2)),ROUND($H13*F13,2),"")
A14: 4 | C14: Internal disks | D14: Fill | E14: ='Extended Guarantees'!$E$15 -> 0 | F14: ='Extended Guarantees'!$K$15 -> 0 | G14: Fill | H14: =IF(ISNUMBER(ROUND($D14*$G14,2)),ROUND($D14*$G14,2),"") | I14: =IF(ISNUMBER(ROUND($H14*E14,2)),ROUND($H14*E14,2),"") | J14: =IF(ISNUMBER(ROUND($H14*F14,2)),ROUND($H14*F14,2),"")
A15: 5 | C15: Fibre Channel HBA | D15: Fill | E15: ='Extended Guarantees'!$E$15 -> 0 | F15: ='Extended Guarantees'!$K$15 -> 0 | G15: Fill | H15: =IF(ISNUMBER(ROUND($D15*$G15,2)),ROUND($D15*$G15,2),"") | I15: =IF(ISNUMBER(ROUND($H15*E15,2)),ROUND($H15*E15,2),"") | J15: =IF(ISNUMBER(ROUND($H15*F15,2)),ROUND($H15*F15,2),"")
A16: 6 | C16: Cluster software (only B, C, D and E) | D16: Fill | E16: ='Extended Guarantees'!$E$15 -> 0 | F16: ='Extended Guarantees'!$K$15 -> 0 | G16: Fill | H16: =IF(ISNUMBER(ROUND($D16*$G16,2)),ROUND($D16*$G16,2),"") | I16: =IF(ISNUMBER(ROUND($H16*E16,2)),ROUND($H16*E16,2),"") | J16: =IF(ISNUMBER(ROUND($H16*F16,2)),ROUND($H16*F16,2),"")
A17: 7 | C17: Monitoring software | D17: Fill | E17: ='Extended Guarantees'!$E$15 -> 0 | F17: ='Extended Guarantees'!$K$15 -> 0 | G17: Fill | H17: =IF(ISNUMBER(ROUND($D17*$G17,2)),ROUND($D17*$G17,2),"") | I17: =IF(ISNUMBER(ROUND($H17*E17,2)),ROUND($H17*E17,2),"") | J17: =IF(ISNUMBER(ROUND($H17*F17,2)),ROUND($H17*F17,2),"")
A18: 8 | C18: Remote management card | D18: Fill | E18: ='Extended Guarantees'!$E$15 -> 0 | F18: ='Extended Guarantees'!$K$15 -> 0 | G18: Fill | H18: =IF(ISNUMBER(ROUND($D18*$G18,2)),ROUND($D18*$G18,2),"") | I18: =IF(ISNUMBER(ROUND($H18*E18,2)),ROUND($H18*E18,2),"") | J18: =IF(ISNUMBER(ROUND($H18*F18,2)),ROUND($H18*F18,2),"")
A19: 9 | C19: NIC | D19: Fill | E19: ='Extended Guarantees'!$E$15 -> 0 | F19: ='Extended Guarantees'!$K$15 -> 0 | G19: Fill | H19: =IF(ISNUMBER(ROUND($D19*$G19,2)),ROUND($D19*$G19,2),"") | I19: =IF(ISNUMBER(ROUND($H19*E19,2)),ROUND($H19*E19,2),"") | J19: =IF(ISNUMBER(ROUND($H19*F19,2)),ROUND($H19*F19,2),"")
A20: 10 | C20: Any other component | D20: Fill | E20: ='Extended Guarantees'!$E$15 -> 0 | F20: ='Extended Guarantees'!$K$15 -> 0 | G20: Fill | H20: =IF(ISNUMBER(ROUND($D20*$G20,2)),ROUND($D20*$G20,2),"") | I20: =IF(ISNUMBER(ROUND($H20*E20,2)),ROUND($H20*E20,2),"") | J20: =IF(ISNUMBER(ROUND($H20*F20,2)),ROUND($H20*F20,2),"")
A21: 11 | C21: Management tools | D21: Fill | E21: ='Extended Guarantees'!$E$15 -> 0 | F21: ='Extended Guarantees'!$K$15 -> 0 | G21: Fill | H21: =IF(ISNUMBER(ROUND($D21*$G21,2)),ROUND($D21*$G21,2),"") | I21: =IF(ISNUMBER(ROUND($H21*E21,2)),ROUND($H21*E21,2),"") | J21: =IF(ISNUMBER(ROUND($H21*F21,2)),ROUND($H21*F21,2),"")
A22: 12 | D22: Fill | E22: ='Extended Guarantees'!$E$15 -> 0 | F22: ='Extended Guarantees'!$K$15 -> 0 | G22: Fill | H22: =IF(ISNUMBER(ROUND($D22*$G22,2)),ROUND($D22*$G22,2),"") | I22: =IF(ISNUMBER(ROUND($H22*E22,2)),ROUND($H22*E22,2),"") | J22: =IF(ISNUMBER(ROUND($H22*F22,2)),ROUND($H22*F22,2),"")
A23: 13 | D23: Fill | E23: ='Extended Guarantees'!$E$15 -> 0 | F23: ='Extended Guarantees'!$K$15 -> 0 | G23: Fill | H23: =IF(ISNUMBER(ROUND($D23*$G23,2)),ROUND($D23*$G23,2),"") | I23: =IF(ISNUMBER(ROUND($H23*E23,2)),ROUND($H23*E23,2),"") | J23: =IF(ISNUMBER(ROUND($H23*F23,2)),ROUND($H23*F23,2),"")
A24: 14 | D24: Fill | E24: ='Extended Guarantees'!$E$15 -> 0 | F24: ='Extended Guarantees'!$K$15 -> 0 | G24: Fill | H24: =IF(ISNUMBER(ROUND($D24*$G24,2)),ROUND($D24*$G24,2),"") | I24: =IF(ISNUMBER(ROUND($H24*E24,2)),ROUND($H24*E24,2),"") | J24: =IF(ISNUMBER(ROUND($H24*F24,2)),ROUND($H24*F24,2),"")
A25: 15 | D25: Fill | E25: ='Extended Guarantees'!$E$15 -> 0 | F25: ='Extended Guarantees'!$K$15 -> 0 | G25: Fill | H25: =IF(ISNUMBER(ROUND($D25*$G25,2)),ROUND($D25*$G25,2),"") | I25: =IF(ISNUMBER(ROUND($H25*E25,2)),ROUND($H25*E25,2),"") | J25: =IF(ISNUMBER(ROUND($H25*F25,2)),ROUND($H25*F25,2),"")
A26: 16 | D26: Fill | E26: ='Extended Guarantees'!$E$15 -> 0 | F26: ='Extended Guarantees'!$K$15 -> 0 | G26: Fill | H26: =IF(ISNUMBER(ROUND($D26*$G26,2)),ROUND($D26*$G26,2),"") | I26: =IF(ISNUMBER(ROUND($H26*E26,2)),ROUND($H26*E26,2),"") | J26: =IF(ISNUMBER(ROUND($H26*F26,2)),ROUND($H26*F26,2),"")
A27: 17 | D27: Fill | E27: ='Extended Guarantees'!$E$15 -> 0 | F27: ='Extended Guarantees'!$K$15 -> 0 | G27: Fill | H27: =IF(ISNUMBER(ROUND($D27*$G27,2)),ROUND($D27*$G27,2),"") | I27: =IF(ISNUMBER(ROUND($H27*E27,2)),ROUND($H27*E27,2),"") | J27: =IF(ISNUMBER(ROUND($H27*F27,2)),ROUND($H27*F27,2),"")
A28: 18 | D28: Fill | E28: ='Extended Guarantees'!$E$15 -> 0 | F28: ='Extended Guarantees'!$K$15 -> 0 | G28: Fill | H28: =IF(ISNUMBER(ROUND($D28*$G28,2)),ROUND($D28*$G28,2),"") | I28: =IF(ISNUMBER(ROUND($H28*E28,2)),ROUND($H28*E28,2),"") | J28: =IF(ISNUMBER(ROUND($H28*F28,2)),ROUND($H28*F28,2),"")
A29: 19 | D29: Fill | E29: ='Extended Guarantees'!$E$15 -> 0 | F29: ='Extended Guarantees'!$K$15 -> 0 | G29: Fill | H29: =IF(ISNUMBER(ROUND($D29*$G29,2)),ROUND($D29*$G29,2),"") | I29: =IF(ISNUMBER(ROUND($H29*E29,2)),ROUND($H29*E29,2),"") | J29: =IF(ISNUMBER(ROUND($H29*F29,2)),ROUND($H29*F29,2),"")
A30: 20 | D30: Fill | E30: ='Extended Guarantees'!$E$15 -> 0 | F30: ='Extended Guarantees'!$K$15 -> 0 | G30: Fill | H30: =IF(ISNUMBER(ROUND($D30*$G30,2)),ROUND($D30*$G30,2),"") | I30: =IF(ISNUMBER(ROUND($H30*E30,2)),ROUND($H30*E30,2),"") | J30: =IF(ISNUMBER(ROUND($H30*F30,2)),ROUND($H30*F30,2),"")
H38: Proposed Server Total Price (EUR) | I38: Extended Guarantee service (Standard) 1 year fee (EUR) | J38: Extended Guarantee service (Critical) 1 year fee (EUR) | K38: Standard Extended Guarantee fee for five (5) years package (EUR) | L38: Critical Extended Guarantee fee for five (5) years package (EUR)
A39: 21 | B39: Price for the proposed configuration (EUR), without installation | H39: =SUM(H11:H30) -> 0 | I39: =SUM(I11:I30) -> 0 | J39: =SUM(J11:J30) -> 0 | K39: =H39*'Extended Guarantees'!E18 -> 0 | L39: =H39*'Extended Guarantees'!K18 -> 0
B40: The purchase price including the Manufacturer Guarantee (see Section 3.4.5.1 of the Tendering Specifications), the delivery and the delivery of the Management Tools. No installation. | H40: =SUM(H22:H39) -> 0 | I40: =SUM(I22:I39) -> 0 | J40: =SUM(J22:J39) -> 0 | L40: =SUM(L22:L39) -> 0
H42: Proposed Server Total Price for the installation (EUR)
A43: 22 | B43: Price for the installation of the proposed configuration (EUR) | H43: 0
B44: The installation price including the hardware installation and assembly, as well as the installation of the Operating System and the installation of System and Management tools.
H47: Total Price for the installation of up to 5 servers bundle, on 1 site. (EUR)
A48: 23 | B48: Price for the installation of a bundle of 5 proposed configurations (EUR), on 1 site. | H48: 0
B49: The installation price including the hardware installation and assembly, as well as the installation of the Operating System and the installation of System and Management tools.
A52: Main options (only internal components) for the proposed configuration Advanced 2 sockets rackable server
A53: The 2 installation prices provided in the 'Options (internal components)' tab apply for the components provided here below when the component needs to be installed at EUIs premises as an upgrade (no installation fee when ordered at the same time as the server and factory installed).
A55: Position | B55: Per Item
B56: Product code/ reference | C56: Description | H56: Net unit price (EUR) | I56: Extended Guarantee service (Standard) yearly fee (EUR) | J56: Extended Guarantee service (Critical) yearly fee (EUR) | K56: Standard Extended Guarantee fee for five (5) years package (EUR) | L56: Critical Extended Guarantee fee for five (5) years package (EUR)
A57: K | B57: L | C57: M | H57: N | I57: O | J57: P | K57: Q | L57: R
A58: 24 | C58: additional CPUs | H58: 0 | I58: =H58*'Extended Guarantees'!$E$15 -> 0 | J58: =H58*'Extended Guarantees'!$K$15 -> 0 | K58: ='Extended Guarantees'!$E$18*H58 -> 0 | L58: ='Extended Guarantees'!$K$18*H58 -> 0
A59: 25 | C59: CPU upgrade | H59: 0 | I59: =H59*'Extended Guarantees'!$E$15 -> 0 | J59: =H59*'Extended Guarantees'!$K$15 -> 0 | K59: ='Extended Guarantees'!$E$18*H59 -> 0 | L59: ='Extended Guarantees'!$K$18*H59 -> 0
A60: 26 | C60: additional memory | H60: 0 | I60: =H60*'Extended Guarantees'!$E$15 -> 0 | J60: =H60*'Extended Guarantees'!$K$15 -> 0 | K60: ='Extended Guarantees'!$E$18*H60 -> 0 | L60: ='Extended Guarantees'!$K$18*H60 -> 0
A61: 27 | C61: memory upgrade | H61: 0 | I61: =H61*'Extended Guarantees'!$E$15 -> 0 | J61: =H61*'Extended Guarantees'!$K$15 -> 0 | K61: ='Extended Guarantees'!$E$18*H61 -> 0 | L61: ='Extended Guarantees'!$K$18*H61 -> 0
A62: 28 | C62: internal disks | H62: 0 | I62: =H62*'Extended Guarantees'!$E$15 -> 0 | J62: =H62*'Extended Guarantees'!$K$15 -> 0 | K62: ='Extended Guarantees'!$E$18*H62 -> 0 | L62: ='Extended Guarantees'!$K$18*H62 -> 0
A63: 29 | C63: disk upgrades | H63: 0 | I63: =H63*'Extended Guarantees'!$E$15 -> 0 | J63: =H63*'Extended Guarantees'!$K$15 -> 0 | K63: ='Extended Guarantees'!$E$18*H63 -> 0 | L63: ='Extended Guarantees'!$K$18*H63 -> 0
A64: 30 | C64: additional NICs | H64: 0 | I64: =H64*'Extended Guarantees'!$E$15 -> 0 | J64: =H64*'Extended Guarantees'!$K$15 -> 0 | K64: ='Extended Guarantees'!$E$18*H64 -> 0 | L64: ='Extended Guarantees'!$K$18*H64 -> 0
A65: 31 | C65: additional HBAs | H65: 0 | I65: =H65*'Extended Guarantees'!$E$15 -> 0 | J65: =H65*'Extended Guarantees'!$K$15 -> 0 | K65: ='Extended Guarantees'!$E$18*H65 -> 0 | L65: ='Extended Guarantees'!$K$18*H65 -> 0
A66: 32 | C66: software for monitoring, management and performance | H66: 0 | I66: =H66*'Extended Guarantees'!$E$15 -> 0 | J66: =H66*'Extended Guarantees'!$K$15 -> 0 | K66: ='Extended Guarantees'!$E$18*H66 -> 0 | L66: ='Extended Guarantees'!$K$18*H66 -> 0
A67: 33 | C67: built-in (USB) interface for Embedded Hypervisor | H67: 0 | I67: =H67*'Extended Guarantees'!$E$15 -> 0 | J67: =H67*'Extended Guarantees'!$K$15 -> 0 | K67: ='Extended Guarantees'!$E$18*H67 -> 0 | L67: ='Extended Guarantees'!$K$18*H67 -> 0
A68: 34 | C68: additional power-supply | H68: 0 | I68: =H68*'Extended Guarantees'!$E$15 -> 0 | J68: =H68*'Extended Guarantees'!$K$15 -> 0 | K68: ='Extended Guarantees'!$E$18*H68 -> 0 | L68: ='Extended Guarantees'!$K$18*H68 -> 0
A69: 35 | C69: additional fans | H69: 0 | I69: =H69*'Extended Guarantees'!$E$15 -> 0 | J69: =H69*'Extended Guarantees'!$K$15 -> 0 | K69: ='Extended Guarantees'!$E$18*H69 -> 0 | L69: ='Extended Guarantees'!$K$18*H69 -> 0
... A71: 37 | C71: Any other component | H71: 0 | I71: =H71*'Extended Guarantees'!$E$15 -> 0 | J71: =H71*'Extended Guarantees'!$K$15 -> 0 | K71: ='Extended Guarantees'!$E$18*H71 -> 0 | L71: ='Extended Guarantees'!$K$18*H71 -> 0
A72: 38 | H72: 0 | I72: =H72*'Extended Guarantees'!$E$15 -> 0 | J72: =H72*'Extended Guarantees'!$K$15 -> 0 | K72: ='Extended Guarantees'!$E$18*H72 -> 0 | L72: ='Extended Guarantees'!$K$18*H72 -> 0
A73: 39 | H73: 0 | I73: =H73*'Extended Guarantees'!$E$15 -> 0 | J73: =H73*'Extended Guarantees'!$K$15 -> 0 | K73: ='Extended Guarantees'!$E$18*H73 -> 0 | L73: ='Extended Guarantees'!$K$18*H73 -> 0

Sheet Standard 4 sockets Rackable
B2: Please fill in the yellow fields. If necessary, delete or add position lines. If necessary, replace the 'Any other component' line with a component description. Please make sure, that the 'Price for the proposed configuration' includes all related items.
A6: Proposed Configuration Standard 4 sockets rackable server
A8: Position | B8: Product code/ reference | C8: Description | D8: Net unit price (EUR) | E8: Extended Guarantee service (Standard) yearly fee (%) | F8: Extended Guarantee service (Critical) yearly fee (%) | G8: Quantity | H8: Total Item price (EUR) | I8: Extended Guarantee service (Standard) yearly fee (EUR) | J8: Extended Guarantee service (Critical) yearly fee (EUR) | K8: Remarks
A9: A | B9: B | C9: C | D9: D | E9: E | F9: F | G9: G | H9: H | I9: I | J9: J
C10: Example - please complete | H10: H=ROUND(D*G) | I10: I=ROUND(H*E) | J10: J=ROUND(H*F)
A11: 1 | C11: Base configuration (brief description) | D11: Fill | E11: ='Extended Guarantees'!$E$15 -> 0 | F11: ='Extended Guarantees'!$K$15 -> 0 | G11: Fill | H11: =IF(ISNUMBER(ROUND($D11*$G11,2)),ROUND($D11*$G11,2),"") | I11: =IF(ISNUMBER(ROUND($H11*$E11,2)),ROUND($H11*$E11,2),"") | J11: =IF(ISNUMBER(ROUND($H11*$F11,2)),ROUND($H11*$F11,2),"")
A12: 2 | C12: CPU | D12: Fill | E12: ='Extended Guarantees'!$E$15 -> 0 | F12: ='Extended Guarantees'!$K$15 -> 0 | G12: Fill | H12: =IF(ISNUMBER(ROUND($D12*$G12,2)),ROUND($D12*$G12,2),"") | I12: =IF(ISNUMBER(ROUND($H12*E12,2)),ROUND($H12*E12,2),"") | J12: =IF(ISNUMBER(ROUND($H12*F12,2)),ROUND($H12*F12,2),"")
A13: 3 | C13: Memory | D13: Fill | E13: ='Extended Guarantees'!$E$15 -> 0 | F13: ='Extended Guarantees'!$K$15 -> 0 | G13: Fill | H13: =IF(ISNUMBER(ROUND($D13*$G13,2)),ROUND($D13*$G13,2),"") | I13: =IF(ISNUMBER(ROUND($H13*E13,2)),ROUND($H13*E13,2),"") | J13: =IF(ISNUMBER(ROUND($H13*F13,2)),ROUND($H13*F13,2),"")
A14: 4 | C14: Internal disks | D14: Fill | E14: ='Extended Guarantees'!$E$15 -> 0 | F14: ='Extended Guarantees'!$K$15 -> 0 | G14: Fill | H14: =IF(ISNUMBER(ROUND($D14*$G14,2)),ROUND($D14*$G14,2),"") | I14: =IF(ISNUMBER(ROUND($H14*E14,2)),ROUND($H14*E14,2),"") | J14: =IF(ISNUMBER(ROUND($H14*F14,2)),ROUND($H14*F14,2),"")
A15: 5 | C15: Fibre Channel HBA | D15: Fill | E15: ='Extended Guarantees'!$E$15 -> 0 | F15: ='Extended Guarantees'!$K$15 -> 0 | G15: Fill | H15: =IF(ISNUMBER(ROUND($D15*$G15,2)),ROUND($D15*$G15,2),"") | I15: =IF(ISNUMBER(ROUND($H15*E15,2)),ROUND($H15*E15,2),"") | J15: =IF(ISNUMBER(ROUND($H15*F15,2)),ROUND($H15*F15,2),"")
A16: 6 | C16: Cluster software (only B, C, D and E) | D16: Fill | E16: ='Extended Guarantees'!$E$15 -> 0 | F16: ='Extended Guarantees'!$K$15 -> 0 | G16: Fill | H16: =IF(ISNUMBER(ROUND($D16*$G16,2)),ROUND($D16*$G16,2),"") | I16: =IF(ISNUMBER(ROUND($H16*E16,2)),ROUND($H16*E16,2),"") | J16: =IF(ISNUMBER(ROUND($H16*F16,2)),ROUND($H16*F16,2),"")
A17: 7 | C17: Monitoring software | D17: Fill | E17: ='Extended Guarantees'!$E$15 -> 0 | F17: ='Extended Guarantees'!$K$15 -> 0 | G17: Fill | H17: =IF(ISNUMBER(ROUND($D17*$G17,2)),ROUND($D17*$G17,2),"") | I17: =IF(ISNUMBER(ROUND($H17*E17,2)),ROUND($H17*E17,2),"") | J17: =IF(ISNUMBER(ROUND($H17*F17,2)),ROUND($H17*F17,2),"")
A18: 8 | C18: Remote management card | D18: Fill | E18: ='Extended Guarantees'!$E$15 -> 0 | F18: ='Extended Guarantees'!$K$15 -> 0 | G18: Fill | H18: =IF(ISNUMBER(ROUND($D18*$G18,2)),ROUND($D18*$G18,2),"") | I18: =IF(ISNUMBER(ROUND($H18*E18,2)),ROUND($H18*E18,2),"") | J18: =IF(ISNUMBER(ROUND($H18*F18,2)),ROUND($H18*F18,2),"")
A19: 9 | C19: NIC | D19: Fill | E19: ='Extended Guarantees'!$E$15 -> 0 | F19: ='Extended Guarantees'!$K$15 -> 0 | G19: Fill | H19: =IF(ISNUMBER(ROUND($D19*$G19,2)),ROUND($D19*$G19,2),"") | I19: =IF(ISNUMBER(ROUND($H19*E19,2)),ROUND($H19*E19,2),"") | J19: =IF(ISNUMBER(ROUND($H19*F19,2)),ROUND($H19*F19,2),"")
A20: 10 | C20: Any other component | D20: Fill | E20: ='Extended Guarantees'!$E$15 -> 0 | F20: ='Extended Guarantees'!$K$15 -> 0 | G20: Fill | H20: =IF(ISNUMBER(ROUND($D20*$G20,2)),ROUND($D20*$G20,2),"") | I20: =IF(ISNUMBER(ROUND($H20*E20,2)),ROUND($H20*E20,2),"") | J20: =IF(ISNUMBER(ROUND($H20*F20,2)),ROUND($H20*F20,2),"")
A21: 11 | C21: Management Tools | D21: Fill | E21: ='Extended Guarantees'!$E$15 -> 0 | F21: ='Extended Guarantees'!$K$15 -> 0 | G21: Fill | H21: =IF(ISNUMBER(ROUND($D21*$G21,2)),ROUND($D21*$G21,2),"") | I21: =IF(ISNUMBER(ROUND($H21*E21,2)),ROUND($H21*E21,2),"") | J21: =IF(ISNUMBER(ROUND($H21*F21,2)),ROUND($H21*F21,2),"")
A22: 12 | D22: Fill | E22: ='Extended Guarantees'!$E$15 -> 0 | F22: ='Extended Guarantees'!$K$15 -> 0 | G22: Fill | H22: =IF(ISNUMBER(ROUND($D22*$G22,2)),ROUND($D22*$G22,2),"") | I22: =IF(ISNUMBER(ROUND($H22*E22,2)),ROUND($H22*E22,2),"") | J22: =IF(ISNUMBER(ROUND($H22*F22,2)),ROUND($H22*F22,2),"")
A23: 13 | D23: Fill | E23: ='Extended Guarantees'!$E$15 -> 0 | F23: ='Extended Guarantees'!$K$15 -> 0 | G23: Fill | H23: =IF(ISNUMBER(ROUND($D23*$G23,2)),ROUND($D23*$G23,2),"") | I23: =IF(ISNUMBER(ROUND($H23*E23,2)),ROUND($H23*E23,2),"") | J23: =IF(ISNUMBER(ROUND($H23*F23,2)),ROUND($H23*F23,2),"")
A24: 14 | D24: Fill | E24: ='Extended Guarantees'!$E$15 -> 0 | F24: ='Extended Guarantees'!$K$15 -> 0 | G24: Fill | H24: =IF(ISNUMBER(ROUND($D24*$G24,2)),ROUND($D24*$G24,2),"") | I24: =IF(ISNUMBER(ROUND($H24*E24,2)),ROUND($H24*E24,2),"") | J24: =IF(ISNUMBER(ROUND($H24*F24,2)),ROUND($H24*F24,2),"")
A25: 15 | D25: Fill | E25: ='Extended Guarantees'!$E$15 -> 0 | F25: ='Extended Guarantees'!$K$15 -> 0 | G25: Fill | H25: =IF(ISNUMBER(ROUND($D25*$G25,2)),ROUND($D25*$G25,2),"") | I25: =IF(ISNUMBER(ROUND($H25*E25,2)),ROUND($H25*E25,2),"") | J25: =IF(ISNUMBER(ROUND($H25*F25,2)),ROUND($H25*F25,2),"")
A26: 16 | D26: Fill | E26: ='Extended Guarantees'!$E$15 -> 0 | F26: ='Extended Guarantees'!$K$15 -> 0 | G26: Fill | H26: =IF(ISNUMBER(ROUND($D26*$G26,2)),ROUND($D26*$G26,2),"") | I26: =IF(ISNUMBER(ROUND($H26*E26,2)),ROUND($H26*E26,2),"") | J26: =IF(ISNUMBER(ROUND($H26*F26,2)),ROUND($H26*F26,2),"")
A27: 17 | D27: Fill | E27: ='Extended Guarantees'!$E$15 -> 0 | F27: ='Extended Guarantees'!$K$15 -> 0 | G27: Fill | H27: =IF(ISNUMBER(ROUND($D27*$G27,2)),ROUND($D27*$G27,2),"") | I27: =IF(ISNUMBER(ROUND($H27*E27,2)),ROUND($H27*E27,2),"") | J27: =IF(ISNUMBER(ROUND($H27*F27,2)),ROUND($H27*F27,2),"")
A28: 18 | D28: Fill | E28: ='Extended Guarantees'!$E$15 -> 0 | F28: ='Extended Guarantees'!$K$15 -> 0 | G28: Fill | H28: =IF(ISNUMBER(ROUND($D28*$G28,2)),ROUND($D28*$G28,2),"") | I28: =IF(ISNUMBER(ROUND($H28*E28,2)),ROUND($H28*E28,2),"") | J28: =IF(ISNUMBER(ROUND($H28*F28,2)),ROUND($H28*F28,2),"")
A29: 19 | D29: Fill | E29: ='Extended Guarantees'!$E$15 -> 0 | F29: ='Extended Guarantees'!$K$15 -> 0 | G29: Fill | H29: =IF(ISNUMBER(ROUND($D29*$G29,2)),ROUND($D29*$G29,2),"") | I29: =IF(ISNUMBER(ROUND($H29*E29,2)),ROUND($H29*E29,2),"") | J29: =IF(ISNUMBER(ROUND($H29*F29,2)),ROUND($H29*F29,2),"")
A30: 20 | D30: Fill | E30: ='Extended Guarantees'!$E$15 -> 0 | F30: ='Extended Guarantees'!$K$15 -> 0 | G30: Fill | H30: =IF(ISNUMBER(ROUND($D30*$G30,2)),ROUND($D30*$G30,2),"") | I30: =IF(ISNUMBER(ROUND($H30*E30,2)),ROUND($H30*E30,2),"") | J30: =IF(ISNUMBER(ROUND($H30*F30,2)),ROUND($H30*F30,2),"")
H38: Proposed Server Total Price (EUR) | I38: Extended Guarantee service (Standard) 1 year fee (EUR) | J38: Extended Guarantee service (Critical) 1 year fee (EUR) | K38: Standard Extended Guarantee fee for five (5) years package | L38: Critical Extended Guarantee fee for five (5) years package
A39: 21 | B39: Price for the proposed configuration (EUR), without installation | H39: =SUM(H11:H30) -> 0 | I39: =SUM(I11:I30) -> 0 | J39: =SUM(J11:J30) -> 0 | K39: =H39*'Extended Guarantees'!E18 -> 0 | L39: =H39*'Extended Guarantees'!K18 -> 0
B40: The purchase price including the Manufacturer Guarantee (see Section 3.4.5.1 of the Tendering Specifications), the delivery and the delivery of the Management Tools. No installation. | H40: =SUM(H22:H39) -> 0 | I40: =SUM(I22:I39) -> 0 | J40: =SUM(J22:J39) -> 0 | K40: =SUM(K22:K39) -> 0 | L40: =SUM(L22:L39) -> 0
H42: Proposed Server Total Price for the installation (EUR)
A43: 22 | B43: Price for the installation of the proposed configuration (EUR) | H43: 0
B44: The installation price including the hardware installation and assembly, as well as the installation of the Operating System and the installation of System and Management tools.
H48: Total Price for the installation of up to 5 servers bundle, on 1 site. (EUR)
A49: 23 | B49: Price for the installation of a bundle of 5 proposed configurations (EUR), on 1 site. | H49: 0
B50: The installation price including the hardware installation and assembly, as well as the installation of the Operating System and the installation of System and Management tools.
A54: Main options (only internal components) for the proposed configuration Standard 4 sockets rackable server
A55: The 2 installation prices provided in the 'Options (internal components)' tab apply for the components provided here below when the component needs to be installed at EUIs premises as an upgrade (no installation fee when ordered at the same time as the server and factory installed).
A59: Position | B59: Per Item
B60: Product code/ reference | C60: Description | H60: Net unit price (EUR) | I60: Extended Guarantee service (Standard) yearly fee (EUR) | J60: Extended Guarantee service (Critical) yearly fee (EUR) | K60: Standard Extended Guarantee fee for five (5) years package (EUR) | L60: Critical Extended Guarantee fee for five (5) years package (EUR)
A61: K | B61: L | C61: M | H61: N | I61: O | J61: P | K61: Q | L61: R
A62: 24 | C62: additional CPUs | H62: 0 | I62: =H62*'Extended Guarantees'!$E$15 -> 0 | J62: =H62*'Extended Guarantees'!$K$15 -> 0 | K62: ='Extended Guarantees'!$E$18*H62 -> 0 | L62: ='Extended Guarantees'!$K$18*H62 -> 0
A63: 25 | C63: CPU upgrade | H63: 0 | I63: =H63*'Extended Guarantees'!$E$15 -> 0 | J63: =H63*'Extended Guarantees'!$K$15 -> 0 | K63: ='Extended Guarantees'!$E$18*H63 -> 0 | L63: ='Extended Guarantees'!$K$18*H63 -> 0
A64: 26 | C64: additional memory | H64: 0 | I64: =H64*'Extended Guarantees'!$E$15 -> 0 | J64: =H64*'Extended Guarantees'!$K$15 -> 0 | K64: ='Extended Guarantees'!$E$18*H64 -> 0 | L64: ='Extended Guarantees'!$K$18*H64 -> 0
A65: 27 | C65: memory upgrade | H65: 0 | I65: =H65*'Extended Guarantees'!$E$15 -> 0 | J65: =H65*'Extended Guarantees'!$K$15 -> 0 | K65: ='Extended Guarantees'!$E$18*H65 -> 0 | L65: ='Extended Guarantees'!$K$18*H65 -> 0
A66: 28 | C66: internal disks | H66: 0 | I66: =H66*'Extended Guarantees'!$E$15 -> 0 | J66: =H66*'Extended Guarantees'!$K$15 -> 0 | K66: ='Extended Guarantees'!$E$18*H66 -> 0 | L66: ='Extended Guarantees'!$K$18*H66 -> 0
A67: 29 | C67: disk upgrades | H67: 0 | I67: =H67*'Extended Guarantees'!$E$15 -> 0 | J67: =H67*'Extended Guarantees'!$K$15 -> 0 | K67: ='Extended Guarantees'!$E$18*H67 -> 0 | L67: ='Extended Guarantees'!$K$18*H67 -> 0
A68: 30 | C68: additional NICs | H68: 0 | I68: =H68*'Extended Guarantees'!$E$15 -> 0 | J68: =H68*'Extended Guarantees'!$K$15 -> 0 | K68: ='Extended Guarantees'!$E$18*H68 -> 0 | L68: ='Extended Guarantees'!$K$18*H68 -> 0
A69: 31 | C69: additional HBAs | H69: 0 | I69: =H69*'Extended Guarantees'!$E$15 -> 0 | J69: =H69*'Extended Guarantees'!$K$15 -> 0 | K69: ='Extended Guarantees'!$E$18*H69 -> 0 | L69: ='Extended Guarantees'!$K$18*H69 -> 0
A70: 32 | C70: software for monitoring, management and performance | H70: 0 | I70: =H70*'Extended Guarantees'!$E$15 -> 0 | J70: =H70*'Extended Guarantees'!$K$15 -> 0 | K70: ='Extended Guarantees'!$E$18*H70 -> 0 | L70: ='Extended Guarantees'!$K$18*H70 -> 0
A71: 33 | C71: built-in (USB) interface for Embedded Hypervisor | H71: 0 | I71: =H71*'Extended Guarantees'!$E$15 -> 0 | J71: =H71*'Extended Guarantees'!$K$15 -> 0 | K71: ='Extended Guarantees'!$E$18*H71 -> 0 | L71: ='Extended Guarantees'!$K$18*H71 -> 0
A72: 34 | C72: additional power-supply | H72: 0 | I72: =H72*'Extended Guarantees'!$E$15 -> 0 | J72: =H72*'Extended Guarantees'!$K$15 -> 0 | K72: ='Extended Guarantees'!$E$18*H72 -> 0 | L72: ='Extended Guarantees'!$K$18*H72 -> 0
A73: 35 | C73: additional fans | H73: 0 | I73: =H73*'Extended Guarantees'!$E$15 -> 0 | J73: =H73*'Extended Guarantees'!$K$15 -> 0 | K73: ='Extended Guarantees'!$E$18*H73 -> 0 | L73: ='Extended Guarantees'!$K$18*H73 -> 0
... A75: 37 | C75: Any other component | H75: 0 | I75: =H75*'Extended Guarantees'!$E$15 -> 0 | J75: =H75*'Extended Guarantees'!$K$15 -> 0 | K75: ='Extended Guarantees'!$E$18*H75 -> 0 | L75: ='Extended Guarantees'!$K$18*H75 -> 0
A76: 38 | H76: 0 | I76: =H76*'Extended Guarantees'!$E$15 -> 0 | J76: =H76*'Extended Guarantees'!$K$15 -> 0 | K76: ='Extended Guarantees'!$E$18*H76 -> 0 | L76: ='Extended Guarantees'!$K$18*H76 -> 0
A77: 39 | H77: 0 | I77: =H77*'Extended Guarantees'!$E$15 -> 0 | J77: =H77*'Extended Guarantees'!$K$15 -> 0 | K77: ='Extended Guarantees'!$E$18*H77 -> 0 | L77: ='Extended Guarantees'!$K$18*H77 -> 0

Sheet Advanced 4 sockets Rackable
B2: Please fill in the yellow fields. If necessary, delete or add position lines. If necessary, replace the 'Any other component' line with a component description. Please make sure, that the 'Price for the proposed configuration' includes all related items.
A6: Proposed Configuration - Advanced 4 sockets rackable server
A8: Position | B8: Product code/ reference | C8: Description | D8: Net unit price (EUR) | E8: Extended Guarantee service (Standard) yearly fee (%) | F8: Extended Guarantee service (Critical) yearly fee (%) | G8: Quantity | H8: Total Item price (EUR) | I8: Extended Guarantee service (Standard) yearly fee (EUR) | J8: Extended Guarantee service (Critical) yearly fee (EUR) | K8: Remarks
A9: A | B9: B | C9: C | D9: D | E9: E | F9: F | G9: G | H9: H | I9: I | J9: J
C10: Example - please complete | H10: H=ROUND(D*G) | I10: I=ROUND(H*E) | J10: J=ROUND(H*F)
A11: 1 | C11: Base configuration (brief description) | D11: Fill | E11: ='Extended Guarantees'!$E$15 -> 0 | F11: ='Extended Guarantees'!$K$15 -> 0 | G11: Fill | H11: =IF(ISNUMBER(ROUND($D11*$G11,2)),ROUND($D11*$G11,2),"") | I11: =IF(ISNUMBER(ROUND($H11*$E11,2)),ROUND($H11*$E11,2),"") | J11: =IF(ISNUMBER(ROUND($H11*$F11,2)),ROUND($H11*$F11,2),"")
A12: 2 | C12: CPU | D12: Fill | E12: ='Extended Guarantees'!$E$15 -> 0 | F12: ='Extended Guarantees'!$K$15 -> 0 | G12: Fill | H12: =IF(ISNUMBER(ROUND($D12*$G12,2)),ROUND($D12*$G12,2),"") | I12: =IF(ISNUMBER(ROUND($H12*E12,2)),ROUND($H12*E12,2),"") | J12: =IF(ISNUMBER(ROUND($H12*F12,2)),ROUND($H12*F12,2),"")
A13: 3 | C13: Memory | D13: Fill | E13: ='Extended Guarantees'!$E$15 -> 0 | F13: ='Extended Guarantees'!$K$15 -> 0 | G13: Fill | H13: =IF(ISNUMBER(ROUND($D13*$G13,2)),ROUND($D13*$G13,2),"") | I13: =IF(ISNUMBER(ROUND($H13*E13,2)),ROUND($H13*E13,2),"") | J13: =IF(ISNUMBER(ROUND($H13*F13,2)),ROUND($H13*F13,2),"")
A14: 4 | C14: Internal disks | D14: Fill | E14: ='Extended Guarantees'!$E$15 -> 0 | F14: ='Extended Guarantees'!$K$15 -> 0 | G14: Fill | H14: =IF(ISNUMBER(ROUND($D14*$G14,2)),ROUND($D14*$G14,2),"") | I14: =IF(ISNUMBER(ROUND($H14*E14,2)),ROUND($H14*E14,2),"") | J14: =IF(ISNUMBER(ROUND($H14*F14,2)),ROUND($H14*F14,2),"")
A15: 5 | C15: Fibre Channel HBA | D15: Fill | E15: ='Extended Guarantees'!$E$15 -> 0 | F15: ='Extended Guarantees'!$K$15 -> 0 | G15: Fill | H15: =IF(ISNUMBER(ROUND($D15*$G15,2)),ROUND($D15*$G15,2),"") | I15: =IF(ISNUMBER(ROUND($H15*E15,2)),ROUND($H15*E15,2),"") | J15: =IF(ISNUMBER(ROUND($H15*F15,2)),ROUND($H15*F15,2),"")
A16: 6 | C16: Cluster software (only B, C, D and E) | D16: Fill | E16: ='Extended Guarantees'!$E$15 -> 0 | F16: ='Extended Guarantees'!$K$15 -> 0 | G16: Fill | H16: =IF(ISNUMBER(ROUND($D16*$G16,2)),ROUND($D16*$G16,2),"") | I16: =IF(ISNUMBER(ROUND($H16*E16,2)),ROUND($H16*E16,2),"") | J16: =IF(ISNUMBER(ROUND($H16*F16,2)),ROUND($H16*F16,2),"")
A17: 7 | C17: Monitoring software | D17: Fill | E17: ='Extended Guarantees'!$E$15 -> 0 | F17: ='Extended Guarantees'!$K$15 -> 0 | G17: Fill | H17: =IF(ISNUMBER(ROUND($D17*$G17,2)),ROUND($D17*$G17,2),"") | I17: =IF(ISNUMBER(ROUND($H17*E17,2)),ROUND($H17*E17,2),"") | J17: =IF(ISNUMBER(ROUND($H17*F17,2)),ROUND($H17*F17,2),"")
A18: 8 | C18: Remote management card | D18: Fill | E18: ='Extended Guarantees'!$E$15 -> 0 | F18: ='Extended Guarantees'!$K$15 -> 0 | G18: Fill | H18: =IF(ISNUMBER(ROUND($D18*$G18,2)),ROUND($D18*$G18,2),"") | I18: =IF(ISNUMBER(ROUND($H18*E18,2)),ROUND($H18*E18,2),"") | J18: =IF(ISNUMBER(ROUND($H18*F18,2)),ROUND($H18*F18,2),"")
A19: 9 | C19: NIC | D19: Fill | E19: ='Extended Guarantees'!$E$15 -> 0 | F19: ='Extended Guarantees'!$K$15 -> 0 | G19: Fill | H19: =IF(ISNUMBER(ROUND($D19*$G19,2)),ROUND($D19*$G19,2),"") | I19: =IF(ISNUMBER(ROUND($H19*E19,2)),ROUND($H19*E19,2),"") | J19: =IF(ISNUMBER(ROUND($H19*F19,2)),ROUND($H19*F19,2),"")
A20: 10 | C20: Any other component | D20: Fill | E20: ='Extended Guarantees'!$E$15 -> 0 | F20: ='Extended Guarantees'!$K$15 -> 0 | G20: Fill | H20: =IF(ISNUMBER(ROUND($D20*$G20,2)),ROUND($D20*$G20,2),"") | I20: =IF(ISNUMBER(ROUND($H20*E20,2)),ROUND($H20*E20,2),"") | J20: =IF(ISNUMBER(ROUND($H20*F20,2)),ROUND($H20*F20,2),"")
A21: 11 | C21: Management Tools | D21: Fill | E21: ='Extended Guarantees'!$E$15 -> 0 | F21: ='Extended Guarantees'!$K$15 -> 0 | G21: Fill | H21: =IF(ISNUMBER(ROUND($D21*$G21,2)),ROUND($D21*$G21,2),"") | I21: =IF(ISNUMBER(ROUND($H21*E21,2)),ROUND($H21*E21,2),"") | J21: =IF(ISNUMBER(ROUND($H21*F21,2)),ROUND($H21*F21,2),"")
A22: 12 | D22: Fill | E22: ='Extended Guarantees'!$E$15 -> 0 | F22: ='Extended Guarantees'!$K$15 -> 0 | G22: Fill | H22: =IF(ISNUMBER(ROUND($D22*$G22,2)),ROUND($D22*$G22,2),"") | I22: =IF(ISNUMBER(ROUND($H22*E22,2)),ROUND($H22*E22,2),"") | J22: =IF(ISNUMBER(ROUND($H22*F22,2)),ROUND($H22*F22,2),"")
A23: 13 | D23: Fill | E23: ='Extended Guarantees'!$E$15 -> 0 | F23: ='Extended Guarantees'!$K$15 -> 0 | G23: Fill | H23: =IF(ISNUMBER(ROUND($D23*$G23,2)),ROUND($D23*$G23,2),"") | I23: =IF(ISNUMBER(ROUND($H23*E23,2)),ROUND($H23*E23,2),"") | J23: =IF(ISNUMBER(ROUND($H23*F23,2)),ROUND($H23*F23,2),"")
A24: 14 | D24: Fill | E24: ='Extended Guarantees'!$E$15 -> 0 | F24: ='Extended Guarantees'!$K$15 -> 0 | G24: Fill | H24: =IF(ISNUMBER(ROUND($D24*$G24,2)),ROUND($D24*$G24,2),"") | I24: =IF(ISNUMBER(ROUND($H24*E24,2)),ROUND($H24*E24,2),"") | J24: =IF(ISNUMBER(ROUND($H24*F24,2)),ROUND($H24*F24,2),"")
A25: 15 | D25: Fill | E25: ='Extended Guarantees'!$E$15 -> 0 | F25: ='Extended Guarantees'!$K$15 -> 0 | G25: Fill | H25: =IF(ISNUMBER(ROUND($D25*$G25,2)),ROUND($D25*$G25,2),"") | I25: =IF(ISNUMBER(ROUND($H25*E25,2)),ROUND($H25*E25,2),"") | J25: =IF(ISNUMBER(ROUND($H25*F25,2)),ROUND($H25*F25,2),"")
A26: 16 | D26: Fill | E26: ='Extended Guarantees'!$E$15 -> 0 | F26: ='Extended Guarantees'!$K$15 -> 0 | G26: Fill | H26: =IF(ISNUMBER(ROUND($D26*$G26,2)),ROUND($D26*$G26,2),"") | I26: =IF(ISNUMBER(ROUND($H26*E26,2)),ROUND($H26*E26,2),"") | J26: =IF(ISNUMBER(ROUND($H26*F26,2)),ROUND($H26*F26,2),"")
A27: 17 | D27: Fill | E27: ='Extended Guarantees'!$E$15 -> 0 | F27: ='Extended Guarantees'!$K$15 -> 0 | G27: Fill | H27: =IF(ISNUMBER(ROUND($D27*$G27,2)),ROUND($D27*$G27,2),"") | I27: =IF(ISNUMBER(ROUND($H27*E27,2)),ROUND($H27*E27,2),"") | J27: =IF(ISNUMBER(ROUND($H27*F27,2)),ROUND($H27*F27,2),"")
A28: 18 | D28: Fill | E28: ='Extended Guarantees'!$E$15 -> 0 | F28: ='Extended Guarantees'!$K$15 -> 0 | G28: Fill | H28: =IF(ISNUMBER(ROUND($D28*$G28,2)),ROUND($D28*$G28,2),"") | I28: =IF(ISNUMBER(ROUND($H28*E28,2)),ROUND($H28*E28,2),"") | J28: =IF(ISNUMBER(ROUND($H28*F28,2)),ROUND($H28*F28,2),"")
A29: 19 | D29: Fill | E29: ='Extended Guarantees'!$E$15 -> 0 | F29: ='Extended Guarantees'!$K$15 -> 0 | G29: Fill | H29: =IF(ISNUMBER(ROUND($D29*$G29,2)),ROUND($D29*$G29,2),"") | I29: =IF(ISNUMBER(ROUND($H29*E29,2)),ROUND($H29*E29,2),"") | J29: =IF(ISNUMBER(ROUND($H29*F29,2)),ROUND($H29*F29,2),"")
A30: 20 | D30: Fill | E30: ='Extended Guarantees'!$E$15 -> 0 | F30: ='Extended Guarantees'!$K$15 -> 0 | G30: Fill | H30: =IF(ISNUMBER(ROUND($D30*$G30,2)),ROUND($D30*$G30,2),"") | I30: =IF(ISNUMBER(ROUND($H30*E30,2)),ROUND($H30*E30,2),"") | J30: =IF(ISNUMBER(ROUND($H30*F30,2)),ROUND($H30*F30,2),"")
H38: Proposed Server Total Price (EUR) | I38: Extended Guarantee service (Standard) 1 year fee (EUR) | J38: Extended Guarantee service (Critical) 1 year fee (EUR) | K38: Standard Extended Guarantee fee for five (5) years package | L38: Critical Extended Guarantee fee for five (5) years package
A39: 21 | B39: Price for the proposed configuration (EUR), without installation | H39: =SUM(H11:H30) -> 0 | I39: =SUM(I11:I30) -> 0 | J39: =SUM(J11:J30) -> 0 | K39: =H39*'Extended Guarantees'!E18 -> 0 | L39: =H39*'Extended Guarantees'!K18 -> 0
B40: The purchase price including the Manufacturer Guarantee (see Section 3.4.5.1 of the Tendering Specifications), the delivery and the delivery of the Management Tools. No installation. | H40: =SUM(H22:H39) -> 0 | I40: =SUM(I22:I39) -> 0 | J40: =SUM(J22:J39) -> 0 | K40: =SUM(K22:K39) -> 0 | L40: =SUM(L22:L39) -> 0
H43: Proposed Server Total Price for the installation (EUR)
A44: 22 | B44: Price for the installation of the proposed configuration (EUR) | H44: 0
B45: The installation price including the hardware installation and assembly, as well as the installation of the Operating System and the installation of System and Management tools.
H49: Total Price for the installation of up to 5 servers bundle, on 1 site. (EUR)
A50: 23 | B50: Price for the installation of a bundle of 5 proposed configurations (EUR), on 1 site. | H50: 0
B51: The installation price including the hardware installation and assembly, as well as the installation of the Operating System and the installation of System and Management tools.
A53: Main options (only internal components) for the proposed configuration Advanced 4 sockets rackable server
A54: The 2 installation prices provided in the 'Options (internal components)' tab apply for the components provided here below when the component needs to be installed at EUIs premises as an upgrade (no installation fee when ordered at the same time as the server and factory installed).
A57: Position | B57: Per Item
B58: Product code/ reference | C58: Description | H58: Net unit price (EUR) | I58: Extended Guarantee service (Standard) yearly fee (EUR) | J58: Extended Guarantee service (Critical) yearly fee (EUR) | K58: Standard Extended Guarantee fee for five (5) years package (EUR) | L58: Critical Extended Guarantee fee for five (5) years package (EUR)
A59: K | B59: L | C59: M | H59: N | I59: O | J59: P | K59: Q | L59: R
A60: 24 | C60: additional CPUs | H60: 0 | I60: =H60*'Extended Guarantees'!$E$15 -> 0 | J60: =H60*'Extended Guarantees'!$K$15 -> 0 | K60: ='Extended Guarantees'!$E$18*H60 -> 0 | L60: ='Extended Guarantees'!$K$18*H60 -> 0
A61: 25 | C61: CPU upgrade | H61: 0 | I61: =H61*'Extended Guarantees'!$E$15 -> 0 | J61: =H61*'Extended Guarantees'!$K$15 -> 0 | K61: ='Extended Guarantees'!$E$18*H61 -> 0 | L61: ='Extended Guarantees'!$K$18*H61 -> 0
A62: 26 | C62: additional memory | H62: 0 | I62: =H62*'Extended Guarantees'!$E$15 -> 0 | J62: =H62*'Extended Guarantees'!$K$15 -> 0 | K62: ='Extended Guarantees'!$E$18*H62 -> 0 | L62: ='Extended Guarantees'!$K$18*H62 -> 0
A63: 27 | C63: memory upgrade | H63: 0 | I63: =H63*'Extended Guarantees'!$E$15 -> 0 | J63: =H63*'Extended Guarantees'!$K$15 -> 0 | K63: ='Extended Guarantees'!$E$18*H63 -> 0 | L63: ='Extended Guarantees'!$K$18*H63 -> 0
A64: 28 | C64: internal disks | H64: 0 | I64: =H64*'Extended Guarantees'!$E$15 -> 0 | J64: =H64*'Extended Guarantees'!$K$15 -> 0 | K64: ='Extended Guarantees'!$E$18*H64 -> 0 | L64: ='Extended Guarantees'!$K$18*H64 -> 0
A65: 29 | C65: disk upgrades | H65: 0 | I65: =H65*'Extended Guarantees'!$E$15 -> 0 | J65: =H65*'Extended Guarantees'!$K$15 -> 0 | K65: ='Extended Guarantees'!$E$18*H65 -> 0 | L65: ='Extended Guarantees'!$K$18*H65 -> 0
A66: 30 | C66: additional NICs | H66: 0 | I66: =H66*'Extended Guarantees'!$E$15 -> 0 | J66: =H66*'Extended Guarantees'!$K$15 -> 0 | K66: ='Extended Guarantees'!$E$18*H66 -> 0 | L66: ='Extended Guarantees'!$K$18*H66 -> 0
A67: 31 | C67: additional HBAs | H67: 0 | I67: =H67*'Extended Guarantees'!$E$15 -> 0 | J67: =H67*'Extended Guarantees'!$K$15 -> 0 | K67: ='Extended Guarantees'!$E$18*H67 -> 0 | L67: ='Extended Guarantees'!$K$18*H67 -> 0
A68: 32 | C68: software for monitoring, management and performance | H68: 0 | I68: =H68*'Extended Guarantees'!$E$15 -> 0 | J68: =H68*'Extended Guarantees'!$K$15 -> 0 | K68: ='Extended Guarantees'!$E$18*H68 -> 0 | L68: ='Extended Guarantees'!$K$18*H68 -> 0
A69: 33 | C69: built-in (USB) interface for Embedded Hypervisor | H69: 0 | I69: =H69*'Extended Guarantees'!$E$15 -> 0 | J69: =H69*'Extended Guarantees'!$K$15 -> 0 | K69: ='Extended Guarantees'!$E$18*H69 -> 0 | L69: ='Extended Guarantees'!$K$18*H69 -> 0
A70: 34 | C70: additional power-supply | H70: 0 | I70: =H70*'Extended Guarantees'!$E$15 -> 0 | J70: =H70*'Extended Guarantees'!$K$15 -> 0 | K70: ='Extended Guarantees'!$E$18*H70 -> 0 | L70: ='Extended Guarantees'!$K$18*H70 -> 0
A71: 35 | C71: additional fans | H71: 0 | I71: =H71*'Extended Guarantees'!$E$15 -> 0 | J71: =H71*'Extended Guarantees'!$K$15 -> 0 | K71: ='Extended Guarantees'!$E$18*H71 -> 0 | L71: ='Extended Guarantees'!$K$18*H71 -> 0
... A73: 37 | C73: Any other component | H73: 0 | I73: =H73*'Extended Guarantees'!$E$15 -> 0 | J73: =H73*'Extended Guarantees'!$K$15 -> 0 | K73: ='Extended Guarantees'!$E$18*H73 -> 0 | L73: ='Extended Guarantees'!$K$18*H73 -> 0
A74: 38 | H74: 0 | I74: =H74*'Extended Guarantees'!$E$15 -> 0 | J74: =H74*'Extended Guarantees'!$K$15 -> 0 | K74: ='Extended Guarantees'!$E$18*H74 -> 0 | L74: ='Extended Guarantees'!$K$18*H74 -> 0
A75: 39 | H75: 0 | I75: =H75*'Extended Guarantees'!$E$15 -> 0 | J75: =H75*'Extended Guarantees'!$K$15 -> 0 | K75: ='Extended Guarantees'!$E$18*H75 -> 0 | L75: ='Extended Guarantees'!$K$18*H75 -> 0

Sheet Moves and EWH
A2: Moves | B2: Please fill in the yellow fields. The prices shall include all the operations you will perform to carry out the Moves (e.g. racking/un-racking, power self test etc). Once the contract is signed, no extra fee can be claimed. Extended Working Hours for the moves also refers to other than Normal Working Days (week-end, on-duty days, etc.).
A4: Prices for the moves of servers | B4: Standard 2 sockets Blade server | C4: Standard 2 sockets rackable server | D4: Advanced 2 sockets rackable server | E4: Standard 4 sockets rackable server | F4: Advanced 4 sockets rackable server
A5: Move of a server within the same building during Normal Working Hours | B5: 0 | C5: 0 | D5: 0 | E5: 0 | F5: 0
A6: Move of a server within the same building during Extended Working Hours | B6: 0 | C6: 0 | D6: 0 | E6: 0 | F6: 0
A7: Move of a server to another building within the same city during Normal Working Hours | B7: 0 | C7: 0 | D7: 0 | E7: 0 | F7: 0
A8: Move of a server to another building within the same city during Extended Working Hours | B8: 0 | C8: 0 | D8: 0 | E8: 0 | F8: 0
A9: Move of a server to another building between 2 cities during Normal Working Hours | B9: 0 | C9: 0 | D9: 0 | E9: 0 | F9: 0
A10: Move of a server to another building between 2 cities during Extended Working Hours | B10: 0 | C10: 0 | D10: 0 | E10: 0 | F10: 0
A13: Services during Extended Working Hours | C13: Please fill in the yellow fields.
A15: Service description | B15: Price per intervention (EUR)
A16: Price for an intervention for the support between 08:00 pm to 7.00 am for a server covered with Extended Guarantee 'Standard' level | B16: 0
A17: Price for an intervention for the support during the week-end for a server covered with Extended Guarantee 'Standard' level | B17: 0

Sheet Professional services
A2: Please fill in the yellow fields.
A3: Professional Services
A5: Professional services profiles | B5: During Normal Working Hours (EUR/day) | C5: During Normal Working Hours: hours above the daily 8 hours (€ per hour) | D5: During Extended Working Hours (EUR/hour) | E5: 24 hours on-call service (EUR/week)
A6: A | B6: B | C6: C = B/8 | D6: D | E6: E
A7: Project Manager | B7: 0 | C7: Not applicable | D7: Not applicable | E7: Not applicable
A8: IT Engineer | B8: 0 | C8: =B8/8 -> 0 | D8: 0 | E8: 0
A9: System Architect | B9: 0 | C9: =B9/8 -> 0 | D9: 0 | E9: 0

Sheet Power Consumption
A2: Please fill in the yellow fields.
A4: Electrical power consumption
A5: Server category | B5: Power consumption running at idle load [W]. Please refer to the 'Minimum Technical Requirements' document.
A6: A | B6: B
A7: =Summary!A4 -> Standard 2 sockets Blade server | B7: Fill (Watts)
A8: =Summary!A5 -> Standard 2 sockets rackable server | B8: Fill (Watts)
A9: =Summary!A6 -> Advanced 2 sockets rackable server | B9: Fill (Watts)
A10: =Summary!A7 -> Standard 4 sockets rackable server | B10: Fill (Watts)
A11: =Summary!A8 -> Advanced 4 sockets rackable server | B11: Fill (Watts)

Sheet Options (internal components)
B1: The list here below must contain all the internal options/components for the 5 proposed configurations. This list must also contain the internal options/components for all the external options (peripherals, extensions) available in the 'Options (External components)' worksheet. The installation at EUIs premises price of the internal options/components have to be provided as: a- a price for component(s) to be installed at one (1) site, into one (1) server b- a price for component(s) to be installed at one (1) site into up to five (5) servers Please fill in the yellow fields and add position lines if necessary.
B3: Installation price for component(s) to be installed at one (1) site, into one (1) server | D3: 0
B4: Installation price for component(s) to be installed at one (1) site, into up to five (5) servers | D4: 0
B6: Per Item
B7: Product code/ reference | C7: Description | D7: Net unit price (EUR) | E7: Extended Guarantee service (Standard) yearly fee (EUR) | F7: Extended Guarantee service (Critical) yearly fee (EUR) | G7: Standard Extended Guarantee fee for five (5) years package (EUR) | H7: Critical Extended Guarantee fee for five (5) years package (EUR)
B8: A | C8: B | D8: C | E8: D | F8: E | G8: F | H8: G
D9: 0 | E9: =D9*'Extended Guarantees'!$E$15 -> 0 | F9: =D9*'Extended Guarantees'!$K$15 -> 0 | G9: ='Extended Guarantees'!$E$18*D9 -> 0 | H9: ='Extended Guarantees'!$K$18*D9 -> 0
D10: 0 | E10: =D10*'Extended Guarantees'!$E$15 -> 0 | F10: =D10*'Extended Guarantees'!$K$15 -> 0 | G10: ='Extended Guarantees'!$E$18*D10 -> 0 | H10: ='Extended Guarantees'!$K$18*D10 -> 0
D11: 0 | E11: =D11*'Extended Guarantees'!$E$15 -> 0 | F11: =D11*'Extended Guarantees'!$K$15 -> 0 | G11: ='Extended Guarantees'!$E$18*D11 -> 0 | H11: ='Extended Guarantees'!$K$18*D11 -> 0
D12: 0 | E12: =D12*'Extended Guarantees'!$E$15 -> 0 | F12: =D12*'Extended Guarantees'!$K$15 -> 0 | G12: ='Extended Guarantees'!$E$18*D12 -> 0 | H12: ='Extended Guarantees'!$K$18*D12 -> 0
D13: 0 | E13: =D13*'Extended Guarantees'!$E$15 -> 0 | F13: =D13*'Extended Guarantees'!$K$15 -> 0 | G13: ='Extended Guarantees'!$E$18*D13 -> 0 | H13: ='Extended Guarantees'!$K$18*D13 -> 0
D14: 0 | E14: =D14*'Extended Guarantees'!$E$15 -> 0 | F14: =D14*'Extended Guarantees'!$K$15 -> 0 | G14: ='Extended Guarantees'!$E$18*D14 -> 0 | H14: ='Extended Guarantees'!$K$18*D14 -> 0
D15: 0 | E15: =D15*'Extended Guarantees'!$E$15 -> 0 | F15: =D15*'Extended Guarantees'!$K$15 -> 0 | G15: ='Extended Guarantees'!$E$18*D15 -> 0 | H15: ='Extended Guarantees'!$K$18*D15 -> 0
D16: 0 | E16: =D16*'Extended Guarantees'!$E$15 -> 0 | F16: =D16*'Extended Guarantees'!$K$15 -> 0 | G16: ='Extended Guarantees'!$E$18*D16 -> 0 | H16: ='Extended Guarantees'!$K$18*D16 -> 0
D17: 0 | E17: =D17*'Extended Guarantees'!$E$15 -> 0 | F17: =D17*'Extended Guarantees'!$K$15 -> 0 | G17: ='Extended Guarantees'!$E$18*D17 -> 0 | H17: ='Extended Guarantees'!$K$18*D17 -> 0
D18: 0 | E18: =D18*'Extended Guarantees'!$E$15 -> 0 | F18: =D18*'Extended Guarantees'!$K$15 -> 0 | G18: ='Extended Guarantees'!$E$18*D18 -> 0 | H18: ='Extended Guarantees'!$K$18*D18 -> 0
D19: 0 | E19: =D19*'Extended Guarantees'!$E$15 -> 0 | F19: =D19*'Extended Guarantees'!$K$15 -> 0 | G19: ='Extended Guarantees'!$E$18*D19 -> 0 | H19: ='Extended Guarantees'!$K$18*D19 -> 0
D20: 0 | E20: =D20*'Extended Guarantees'!$E$15 -> 0 | F20: =D20*'Extended Guarantees'!$K$15 -> 0 | G20: ='Extended Guarantees'!$E$18*D20 -> 0 | H20: ='Extended Guarantees'!$K$18*D20 -> 0
... D24: 0 | E24: =D24*'Extended Guarantees'!$E$15 -> 0 | F24: =D24*'Extended Guarantees'!$K$15 -> 0 | G24: ='Extended Guarantees'!$E$18*D24 -> 0 | H24: ='Extended Guarantees'!$K$18*D24 -> 0

Sheet Options (external components)
B1: The list here below must contain all the external options (peripherals, extensions) related to the 5 proposed configurations. The external options installation price at EUIs premises must be quoted in column (F). Please fill in the yellow fields and add position lines if necessary.
B4: Per Item
B5: Product code/ reference | C5: Description | D5: Net unit price (EUR) | E5: Extended Guarantee service (Standard) yearly fee (EUR) | F5: Extended Guarantee service (Critical) yearly fee (EUR) | G5: Standard Extended Guarantee fee for five (5) years package (EUR) | H5: Critical Extended Guarantee fee for five (5) years package (EUR) | I5: EUIs premises installation price
B6: A | C6: B | D6: C | E6: D | F6: E | G6: F | H6: G | I6: H
D7: 0 | E7: =D7*'Extended Guarantees'!$E$15 -> 0 | F7: =D7*'Extended Guarantees'!$K$15 -> 0 | G7: ='Extended Guarantees'!$E$18*D7 -> 0 | H7: ='Extended Guarantees'!$K$18*D7 -> 0 | I7: 0
D8: 0 | E8: =D8*'Extended Guarantees'!$E$15 -> 0 | F8: =D8*'Extended Guarantees'!$K$15 -> 0 | G8: ='Extended Guarantees'!$E$18*D8 -> 0 | H8: ='Extended Guarantees'!$K$18*D8 -> 0 | I8: 0
D9: 0 | E9: =D9*'Extended Guarantees'!$E$15 -> 0 | F9: =D9*'Extended Guarantees'!$K$15 -> 0 | G9: ='Extended Guarantees'!$E$18*D9 -> 0 | H9: ='Extended Guarantees'!$K$18*D9 -> 0 | I9: 0
D10: 0 | E10: =D10*'Extended Guarantees'!$E$15 -> 0 | F10: =D10*'Extended Guarantees'!$K$15 -> 0 | G10: ='Extended Guarantees'!$E$18*D10 -> 0 | H10: ='Extended Guarantees'!$K$18*D10 -> 0 | I10: 0
D11: 0 | E11: =D11*'Extended Guarantees'!$E$15 -> 0 | F11: =D11*'Extended Guarantees'!$K$15 -> 0 | G11: ='Extended Guarantees'!$E$18*D11 -> 0 | H11: ='Extended Guarantees'!$K$18*D11 -> 0 | I11: 0
D12: 0 | E12: =D12*'Extended Guarantees'!$E$15 -> 0 | F12: =D12*'Extended Guarantees'!$K$15 -> 0 | G12: ='Extended Guarantees'!$E$18*D12 -> 0 | H12: ='Extended Guarantees'!$K$18*D12 -> 0 | I12: 0
D13: 0 | E13: =D13*'Extended Guarantees'!$E$15 -> 0 | F13: =D13*'Extended Guarantees'!$K$15 -> 0 | G13: ='Extended Guarantees'!$E$18*D13 -> 0 | H13: ='Extended Guarantees'!$K$18*D13 -> 0 | I13: 0
D14: 0 | E14: =D14*'Extended Guarantees'!$E$15 -> 0 | F14: =D14*'Extended Guarantees'!$K$15 -> 0 | G14: ='Extended Guarantees'!$E$18*D14 -> 0 | H14: ='Extended Guarantees'!$K$18*D14 -> 0 | I14: 0
D15: 0 | E15: =D15*'Extended Guarantees'!$E$15 -> 0 | F15: =D15*'Extended Guarantees'!$K$15 -> 0 | G15: ='Extended Guarantees'!$E$18*D15 -> 0 | H15: ='Extended Guarantees'!$K$18*D15 -> 0 | I15: 0
D16: 0 | E16: =D16*'Extended Guarantees'!$E$15 -> 0 | F16: =D16*'Extended Guarantees'!$K$15 -> 0 | G16: ='Extended Guarantees'!$E$18*D16 -> 0 | H16: ='Extended Guarantees'!$K$18*D16 -> 0 | I16: 0
D17: 0 | E17: =D17*'Extended Guarantees'!$E$15 -> 0 | F17: =D17*'Extended Guarantees'!$K$15 -> 0 | G17: ='Extended Guarantees'!$E$18*D17 -> 0 | H17: ='Extended Guarantees'!$K$18*D17 -> 0 | I17: 0
D18: 0 | E18: =D18*'Extended Guarantees'!$E$15 -> 0 | F18: =D18*'Extended Guarantees'!$K$15 -> 0 | G18: ='Extended Guarantees'!$E$18*D18 -> 0 | H18: ='Extended Guarantees'!$K$18*D18 -> 0 | I18: 0
... D22: 0 | E22: =D22*'Extended Guarantees'!$E$15 -> 0 | F22: =D22*'Extended Guarantees'!$K$15 -> 0 | G22: ='Extended Guarantees'!$E$18*D22 -> 0 | H22: ='Extended Guarantees'!$K$18*D22 -> 0 | I22: 0

Sheet Leasing
A1: Leasing Data
A3: This sheet covers the leasing data related to the leasing
D5: Definitions | E5: Input | F5: Calculations
A6: 1-Nominal Interest Rate Calculation
A7: 1-year lease nominal interest rate (in %) | D7: Ni (1 year) | E7: Fill | G7: mandatory
A8: 2-year lease nominal interest rate in % | D8: Ni (2 years) | E8: Fill | G8: mandatory
A9: 3-year lease nominal interest rate in % | D9: Ni (3 years) | E9: Fill | G9: mandatory
A10: 4-year lease nominal interest rate in % | D10: Ni (4 years) | E10: Fill | G10: mandatory
A11: 5-year lease nominal interest rate in % | D11: Ni (5 years) | E11: Fill | G11: mandatory
A13: 2-Interest per period calculation
A14: Interest rate per period calculation
A15: Number of periods per years | D15: NY | E15: 4
A16: Number of Years | D16: Y | E16: 5
A17: Number of payments | D17: N | E17: =E15*E16 -> 20
A18: Nominal interest rate | D18: Ni | E18: =E11+0 -> #VALUE!
A19: Interest rate per period (rounded to 5 dec) | D19: i | E19: =ROUND((1+E18)^(1/E15)-1,5) -> #VALUE!
A20: i = ((1+Ni)^(1/NY))-1 (formula 3.5.5 of the general terms and conditions)
A22: 3-Residual value input (expressed in %)
A23: Investment amount to be leased | D23: PV | F23: 1
A24: 1 year lease horizon | D24: P1% of PV | E24: Fill | G24: mandatory
A25: 2 year lease horizon | D25: P2% of PV | E25: Fill | G25: mandatory
A26: 3 year lease horizon | D26: P3% of PV | E26: Fill | G26: mandatory
A27: 4 year lease horizon | D27: P4% of PV | E27: Fill | G27: mandatory
A28: 5 year lease horizon | D28: P5% of PV | E28: Fill | G28: mandatory
A29: >=6 year lease horizon | D29: P6% of PV | E29: 0
A30: Residual value | D30: FV | F30: =IF(ISNUMBER(E27*F23+0),E27*F23+0,0) -> 0
A31: (section 3.5.6 of the GTC)
A33: 4-Quarterly payments calculations
A34: Period payment | D34: PMT | F34: =IF(ISNUMBER(((F23-F30)*E19/(1-(1/(1+E19)^E17)))/(1+E19)+(F30*E19/(1+E19))),((F23-F30)*E19/(1-(1/(1+E19)^E17)))/(1+E19)+(F30*E19/(1+E19)),0) -> 0
A35: PMT paid at beginning of each period with a residual value (formula 3.5.2 of the GTC)
A36: PMT=((PV-FV)*i/(1-(1/((1+i)^N))))/(1+i)+(FV*i/(1+i))
A39: 5-Conversion to a total cost (including option to purchase)
A40: Conversion factor (for evaluation purpose) | D40: Factor | F40: =IF(ISNUMBER(F34*E17+F30),F34*E17+F30,0) -> 0
A42: Euribor 12 Months Rate (of 01 December 2012) | D42: -0.00101
A44: Definitions
A45: Factor: Total cost of an investment leased during 5 years including the acquisition of the residual value
A48: All other definitions are in the GTC
A49: For the financial evaluation of the offers only, the following assumptions are made: – the leasing is considered for 5 years – the proportions of machines purchased and leased at given in Tab 'Summary' columns C and D of this document – the leasing formula used is described in Art. 3.5.2 of the GTCs (where payments are due at the beginning of each quarter with a residual value) – the Present Value (PV) is equal to the purchase price – the Residual Value (FV) is present value multiplied by the percentage of residual value given by the tenderer for a leasing of 4 years – the nominal interest rate used is the nominal interest rate offered by the tenderer for a leasing duration of 4 years The tenderers must indicate: - nominal interest rate for leasing of durations of 1, 2, 3, 4 and 5 years; Format shall be xx,xx (two digits after comma) - the five percentages corresponding to the five possibilities of duration (1, 2, 3, 4 and 5 years) so as to be able to compute the leasing residual value. Format shall be xx,xx (two digits after comma)
A56: Please fill in the yellow fields.

Sheet Upgrade Kits
A1: Upgrade Kits The 'Upgrade Kits' are composed of internal options/components. The EUIs have the right to order 'Upgrade Kits' options/components as many times as there are free slots/dimms available in the server. Please fill in the yellow fields.
A2: Configuration | B2: Items | C2: Unit Price (factory installation) | D2: Standard Extended Guarantee fee for five (5) years package (EUR) | E2: Volumes | F2: Total Price Factory Installation
A3: Standard 2 sockets Blade server | B3: Additional 8 GBits Fibre Channel HBA dual ports | C3: 0 | D3: =C3*'Extended Guarantees'!$E$18 -> 0 | E3: =(Summary!$B$4)*0.15 -> 148.8 | F3: =(C3*E3)+(D3*E3) -> 0
B4: Additional 10 GbBaseT NIC dual ports | C4: 0 | D4: =C4*'Extended Guarantees'!$E$18 -> 0 | E4: =(Summary!$B$4)*0.15 -> 148.8 | F4: =(C4*E4)+(D4*E4) -> 0
B5: Additional 10 Gb SFP+ | C5: 0 | D5: =C5*'Extended Guarantees'!$E$18 -> 0 | E5: =(Summary!$B$4)*0.15 -> 148.8 | F5: =(C5*E5)+(D5*E5) -> 0
E6: TOTAL | F6: =SUM(F3:F5) -> 0
A8: Configuration | B8: Items | C8: Unit Price (factory installation) | D8: Standard Extended Guarantee fee for five (5) years package (EUR) | E8: Volumes | F8: Total Price Factory Installation
A9: Standard 2 sockets rackable server | B9: Additional 2 SAS 10k rpm 12Gbits 2.5 " disks of 600 GBs | C9: 0 | D9: =C9*'Extended Guarantees'!$E$18 -> 0 | E9: =(Summary!$B$5)*0.2 -> 338.2 | F9: =(C9*E9)+(D9*E9) -> 0
B10: Additional 2 SAS 10k rpm 12Gb 2.5 " disks of 900 GBs | C10: 0 | D10: =C10*'Extended Guarantees'!$E$18 -> 0 | E10: =(Summary!$B$5)*0.2 -> 338.2 | F10: =(C10*E10)+(D10*E10) -> 0
B11: Additional 2 SAS 10k rpm 12Gb 2.5 " disks of 1.2 TB | C11: 0 | D11: =C11*'Extended Guarantees'!$E$18 -> 0 | E11: =(Summary!$B$5)*0.2 -> 338.2 | F11: =(C11*E11)+(D11*E11) -> 0
B12: Additional 2 SAS SSD MLC 12Gb of 800 GBs | C12: 0 | D12: =C12*'Extended Guarantees'!$E$18 -> 0 | E12: =(Summary!$B$5)*0.2 -> 338.2 | F12: =(C12*E12)+(D12*E12) -> 0
B13: Additional 8 GBits Fibre Channel HBA Dual ports | C13: 0 | D13: =C13*'Extended Guarantees'!$E$18 -> 0 | E13: =(Summary!$B$5)*0.2 -> 338.2 | F13: =(C13*E13)+(D13*E13) -> 0
B14: Additional 10GbBaseT dual ports | C14: 0 | D14: =C14*'Extended Guarantees'!$E$18 -> 0 | E14: =(Summary!$B$5)*0.2 -> 338.2 | F14: =(C14*E14)+(D14*E14) -> 0
E15: TOTAL | F15: =SUM(F9:F14) -> 0
A17: Configuration | B17: Items | C17: Unit Price (factory installation) | D17: Standard Extended Guarantee fee for five (5) years package (EUR) | E17: Volumes | F17: Total Price Factory Installation
A18: Advanced 2 sockets rackable server | B18: Additional 2 SAS 10k rpm 12Gb 2.5 " disks of 600 GBs | C18: 0 | D18: =C18*'Extended Guarantees'!$E$18 -> 0 | E18: =(Summary!$B$6)*0.3 -> 770.1 | F18: =(C18*E18)+(D18*E18) -> 0
B19: Additional 2 SAS 10k rpm 12Gb 2.5 " disks of 900 GBs | C19: 0 | D19: =C19*'Extended Guarantees'!$E$18 -> 0 | E19: =(Summary!$B$6)*0.3 -> 770.1 | F19: =(C19*E19)+(D19*E19) -> 0
B20: Additional 2 SAS 10k rpm 12Gb 2.5 " disks of 1.2 TB | C20: 0 | D20: =C20*'Extended Guarantees'!$E$18 -> 0 | E20: =(Summary!$B$6)*0.3 -> 770.1 | F20: =(C20*E20)+(D20*E20) -> 0
B21: Additional 2 SAS SSD MLC 12Gb of 800 GBs | C21: 0 | D21: =C21*'Extended Guarantees'!$E$18 -> 0 | E21: =(Summary!$B$6)*0.3 -> 770.1 | F21: =(C21*E21)+(D21*E21) -> 0
B22: Additional 1 SAS SSD (vSAN certified) of 1.6 TB + 7 SAS disks of 1.8 TB (vSAN certified) | C22: 0 | D22: =C22*'Extended Guarantees'!$E$18 -> 0 | E22: =(Summary!$B$6)*0.3 -> 770.1 | F22: =(C22*E22)+(D22*E22) -> 0
B23: Additional 8 SSD (vSAN certified) of 1.6TB | C23: 0 | D23: =C23*'Extended Guarantees'!$E$18 -> 0 | E23: =(Summary!$B$6)*0.3 -> 770.1 | F23: =(C23*E23)+(D23*E23) -> 0
B24: Additional 8 GBits Fibre Channel HBA Dual ports | C24: 0 | D24: =C24*'Extended Guarantees'!$E$18 -> 0 | E24: =(Summary!$B$6)*0.3 -> 770.1 | F24: =(C24*E24)+(D24*E24) -> 0
B25: Additional 10GbBaseT dual ports | C25: 0 | D25: =C25*'Extended Guarantees'!$E$18 -> 0 | E25: =(Summary!$B$6)*0.3 -> 770.1 | F25: =(C25*E25)+(D25*E25) -> 0
E26: TOTAL | F26: =SUM(F18:F25) -> 0
A28: Configuration | B28: Items | C28: Unit Price (factory installation) | D28: Standard Extended Guarantee fee for five (5) years package (EUR) | E28: Volumes | F28: Total Price Factory Installation
A29: Standard 4 sockets rackable server | B29: Additionnal 512 Gb RAM | C29: 0 | D29: =C29*'Extended Guarantees'!$E$18 -> 0 | E29: =(Summary!$B$7)*0.2 -> 202.8 | F29: =(C29*E29)+(D29*E29) -> 0
B30: Additionnal 1 TB RAM | C30: 0 | D30: =C30*'Extended Guarantees'!$E$18 -> 0 | E30: =(Summary!$B$7)*0.2 -> 202.8 | F30: =(C30*E30)+(D30*E30) -> 0
B31: Additional 2 SAS 10k rpm 12Gb 2.5 " disks of 600 GBs | C31: 0 | D31: =C31*'Extended Guarantees'!$E$18 -> 0 | E31: =(Summary!$B$7)*0.2 -> 202.8 | F31: =(C31*E31)+(D31*E31) -> 0
B32: Additional 2 SAS 10k rpm 12Gb 2.5 " disks of 900 GBs | C32: 0 | D32: =C32*'Extended Guarantees'!$E$18 -> 0 | E32: =(Summary!$B$7)*0.2 -> 202.8 | F32: =(C32*E32)+(D32*E32) -> 0
B33: Additional 2 SAS 10k rpm 12Gb 2.5 " disks of 1.2 TB | C33: 0 | D33: =C33*'Extended Guarantees'!$E$18 -> 0 | E33: =(Summary!$B$7)*0.2 -> 202.8 | F33: =(C33*E33)+(D33*E33) -> 0
B34: Additional 2 SAS SSD MLC 12Gb of 800 GBs | C34: 0 | D34: =C34*'Extended Guarantees'!$E$18 -> 0 | E34: =(Summary!$B$7)*0.2 -> 202.8 | F34: =(C34*E34)+(D34*E34) -> 0
B35: Additional 8 GBits Fibre Channel HBA Dual ports | C35: 0 | D35: =C35*'Extended Guarantees'!$E$18 -> 0 | E35: =(Summary!$B$7)*0.2 -> 202.8 | F35: =(C35*E35)+(D35*E35) -> 0
B36: Additional 10GbBaseT dual ports | C36: 0 | D36: =C36*'Extended Guarantees'!$E$18 -> 0 | E36: =(Summary!$B$7)*0.2 -> 202.8 | F36: =(C36*E36)+(D36*E36) -> 0
E37: TOTAL | F37: =SUM(F29:F36) -> 0
A39: Configuration | B39: Items | C39: Unit Price (factory installation) | D39: Standard Extended Guarantee fee for five (5) years package (EUR) | E39: Volumes | F39: Total Price Factory Installation
A40: Advanced 4 sockets rackable server | B40: Additionnal 1 TB RAM | C40: 0 | D40: =C40*'Extended Guarantees'!$E$18 -> 0 | E40: =(Summary!$B$8)*0.3 -> 217.5 | F40: =(C40*E40)+(D40*E40) -> 0
B41: Additional 2 SAS 10k rpm 12Gb 2.5 " disks of 600 GBs | C41: 0 | D41: =C41*'Extended Guarantees'!$E$18 -> 0 | E41: =(Summary!$B$8)*0.3 -> 217.5 | F41: =(C41*E41)+(D41*E41) -> 0
B42: Additional 2 SAS 10k rpm 12Gb 2.5 " disks of 900 GBs | C42: 0 | D42: =C42*'Extended Guarantees'!$E$18 -> 0 | E42: =(Summary!$B$8)*0.3 -> 217.5 | F42: =(C42*E42)+(D42*E42) -> 0
B43: Additional 2 SAS 10k rpm 12Gb 2.5 " disks of 1.2 TB | C43: 0 | D43: =C43*'Extended Guarantees'!$E$18 -> 0 | E43: =(Summary!$B$8)*0.3 -> 217.5 | F43: =(C43*E43)+(D43*E43) -> 0
B44: Additional 2 SAS SSD MLC 12Gb of 800 GBs | C44: 0 | D44: =C44*'Extended Guarantees'!$E$18 -> 0 | E44: =(Summary!$B$8)*0.3 -> 217.5 | F44: =(C44*E44)+(D44*E44) -> 0
B45: Additional 8 GBits Fibre Channel HBA Dual ports | C45: 0 | D45: =C45*'Extended Guarantees'!$E$18 -> 0 | E45: =(Summary!$B$8)*0.3 -> 217.5 | F45: =(C45*E45)+(D45*E45) -> 0
B46: Additional 10GbBaseT dual ports | C46: 0 | D46: =C46*'Extended Guarantees'!$E$18 -> 0 | E46: =(Summary!$B$8)*0.3 -> 217.5 | F46: =(C46*E46)+(D46*E46) -> 0
E47: TOTAL | F47: =SUM(F40:F46) -> 0
D49: Upgrade Kit TOTAL price with factory installation | F49: =SUM(F6+F15+F26+F37+F47) -> 0

Sheet Non Returnable Disks
B2: Non-returnable disks - Please fill in all the yellow fields.
B4: Media | C4: Non-returnable disk unit price | D4: Percentage of non-returned media | E4: Volume | F4: Total Price
B5: One 2.5" SAS disk, 300 GBs, 10k rpm and 12 Gb/s | C5: 0 | D5: 0.05 | E5: =((Summary!B4+Summary!B5+Summary!B6+Summary!B7+Summary!B8)*2*D5) -> 698.9 | F5: =C5*E5 -> 0
B6: One 2.5" SAS disk, 600 GBs, 10k rpm and 12 Gb/s | C6: 0 | D6: 0.05 | E6: =((Summary!B5+Summary!B6+Summary!B7+Summary!B8)*D6) -> 299.85 | F6: =C6*E6 -> 0
B7: One 2.5" SAS disk, 900 GBs, 10k rpm and 12 Gb/s | C7: 0 | D7: 0.05 | E7: =((Summary!B5+Summary!B6+Summary!B7+Summary!B8)*D7) -> 299.85 | F7: =C7*E7 -> 0
B8: One 2.5" SAS disk, 1.2 TBs, 10k rpm and 12 Gb/s | C8: 0 | D8: 0.05 | E8: =((Summary!B5+Summary!B6+Summary!B7+Summary!B8)*D8) -> 299.85 | F8: =C8*E8 -> 0
B9: One SAS SSD of 800 GBs | C9: 0 | D9: 0.05 | E9: =((Summary!B5+Summary!B6+Summary!B7+Summary!B8)*D8)*0.5 -> 149.925 | F9: =C9*E9 -> 0
B10: One SAS disks of 1.2TBs (vSAN certified) | C10: 0 | D10: 0.05 | E10: =((Summary!B5+Summary!B6+Summary!B7+Summary!B8)*D9)*5 -> 1499.25 | F10: =C10*E10 -> 0
E11: Total: | F11: =SUM(F5:F10) -> 0
B13: 1- The unit price of a non-returnable disk cannot exceed the price provided in the latest catalogue. 2- The non-returnable disk pricing must be adapted along with the hard drives pricing in the catalogue during the lifetime of the contract.

Sheet Media Sanitization Basic 
A1: Media Sanitization Basic - Please fill in all the yellow fields.
A3: Media Format | B3: Percentage of limited Basic Sanitization | C3: Volume/Quantity of Media | D3: Price of clearing before disposal (unit price per media) (EUR) | E3: TOTAL for Price of clearing before disposal (EUR)
A4: One 2.5" SAS disk, 300 GBs, 10k rpm and 12 Gb/s | B4: 0.05 | C4: =((Summary!B4+Summary!B5+Summary!B6+Summary!B7+Summary!B8)*2*B4) -> 698.9 | D4: 0 | E4: =C4*D4 -> 0
A5: One 2.5" SAS disk, 600 GBs, 10k rpm and 12 Gbs/s | B5: 0.05 | C5: =((Summary!B5+Summary!B6+Summary!B7+Summary!B8)*B5) -> 299.85 | D5: 0 | E5: =C5*D5 -> 0
A6: One 2.5" SAS disk, 900 GBs, 10k rpm and 12 Gbs/s | B6: 0.05 | C6: =((Summary!B5+Summary!B6+Summary!B7+Summary!B8)*B6) -> 299.85 | D6: 0 | E6: =C6*D6 -> 0
A7: One 2.5" SAS disk, 1.2 TBs, 10k rpm and 12 Gbs/s | B7: 0.05 | C7: =((Summary!B5+Summary!B6+Summary!B7+Summary!B8)*B7) -> 299.85 | D7: 0 | E7: =C7*D7 -> 0
A8: One SAS SSD of 800 GBs | B8: 0.05 | C8: =((Summary!B5+Summary!B6+Summary!B7+Summary!B8)*B8)*0.5 -> 149.925 | D8: 0 | E8: =C8*D8 -> 0
A9: One SAS disks of 1.2TBs (vSAN certified) | B9: 0.05 | C9: =((Summary!B5+Summary!B6+Summary!B7+Summary!B8)*B9)*5 -> 1499.25 | D9: 0 | E9: =C9*D9 -> 0
D10: Total | E10: =SUM(E4:E9) -> 0

Sheet Media Sanitization High
A1: Medi Sanitization High - Please fill in all the yellow fields.
A3: Media Format | B3: Percentage of limited High Sanitization | C3: Volume/Quantity of Media | D3: Price of purging (unit price per media) (EUR) | E3: Price of destruction (unit price per media) (EUR) | F3: TOTAL Price for purging (EUR) | G3: TOTAL Price for destruction (EUR) | H3: TOTAL price for destruction after purging (E+F) (EUR)
A4: One 2.5" SAS disk, 300 GBs, 10k rpm and 12 Gbs/s | B4: 0.05 | C4: =((Summary!B4+Summary!B5+Summary!B6+Summary!B7+Summary!B8)*2*B4) -> 698.9 | D4: 0 | E4: 0 | F4: =C4*D4 -> 0 | G4: =C4*E4 -> 0 | H4: =F4+G4 -> 0
A5: One 2.5" SAS disk, 600 GBs, 10k rpm and 12 Gbs/s | B5: 0.05 | C5: =((Summary!B5+Summary!B6+Summary!B7+Summary!B8)*B5) -> 299.85 | D5: 0 | E5: 0 | F5: =C5*D5 -> 0 | G5: =C5*E5 -> 0 | H5: =F5+G5 -> 0
A6: One 2.5" SAS disk, 900 GBs, 10k rpm and 12 Gs/s | B6: 0.05 | C6: =((Summary!B5+Summary!B6+Summary!B7+Summary!B8)*B6) -> 299.85 | D6: 0 | E6: 0 | F6: =C6*D6 -> 0 | G6: =C6*E6 -> 0 | H6: =F6+G6 -> 0
A7: One 2.5" SAS disk, 1.2 TBs, 10k rpm and 12 Gb/s | B7: 0.05 | C7: =((Summary!B5+Summary!B6+Summary!B7+Summary!B8)*B7) -> 299.85 | D7: 0 | E7: 0 | F7: =C7*D7 -> 0 | G7: =C7*E7 -> 0 | H7: =F7+G7 -> 0
A8: 1 SAS SSD of 800 GBs | B8: 0.05 | C8: =((Summary!B5+Summary!B6+Summary!B7+Summary!B8)*B8)*0.5 -> 149.925 | D8: 0 | E8: 0 | F8: =C8*D8 -> 0 | G8: =C8*E8 -> 0 | H8: =F8+G8 -> 0
A9: 1 SAS disks of 1.2TBs (vSAN certified) | B9: 0.05 | C9: =((Summary!B5+Summary!B6+Summary!B7+Summary!B8)*B9)*5 -> 1499.25 | D9: 0 | E9: 0 | F9: =C9*D9 -> 0 | G9: =C9*E9 -> 0 | H9: =F9+G9 -> 0
G10: Total | H10: =SUM(H4:H9) -> 0
